 Dungeon Crawl Stone Soup version 0.30.1-9-gdf580d7c3d (webtiles) character file.

Game seed: 2410861547762823150

14004359 danielguo94 the Gargoyle Barricade (level 27, 298/298 HPs)
             Began as a Gargoyle Fighter on Oct 10, 2023.
             Was the Champion of the Shining One.
             Escaped with the Orb
             ... and 15 runes on Oct 12, 2023!
             The game lasted 03:32:49 (113523 turns).

danielguo94 the Gargoyle Barricade (GrFi)         Turns: 113523, Time: 03:32:49

Health: 298/298    AC: 76    Str: 30    XL:     27
Magic:  45/45      EV: 25    Int: 13    God:    the Shining One [******]
Gold:   10572      SH: 34    Dex: 29    Spells: 32/32 levels left

rFire   + + +        q - +8 broad axe (holy)
rCold   + + .        z - +0 tower shield "Kanoin" {rF++ rCorr MP+9 Dex+3}
rNeg    + + +        T - +12 gold dragon scales
rPois   ∞            r - +2 helmet
rElec   +            N - +2 cloak
rCorr   +            U - +2 pair of gloves {Dex+3}
SInv    .            Z - +2 pair of boots of the Stag {Str+5}
Will    ++++.        o - amulet of reflection Stlth
                     t - ring of Myuwk {Will+ Int+5 Dex+2}
HPRegen 0.69/turn    I - ring of Udaociv {rC+ Will+ Int-5 Dex+5}
MPRegen 0.29/turn

%: reflection
@: mighty, brilliant, berserking, flying, glowing, studying 6 skills, very quick
A: sickness immunity, AC +20, big wings, negative energy resistance 1,
electricity resistance, torment resistance 1, petrification resistance,
camouflage 2, clever 1, low MP 1, subdued magic 2
0: Orb of Zot
}: 15/15 runes: decaying, serpentine, slimy, silver, golden, iron, obsidian,
icy, bone, abyssal, demonic, glowing, magical, fiery, dark
a: Renounce Religion, Divine Shield, Cleansing Flame, Summon Divine Warrior


You escaped.
You worshipped the Shining One.
The Shining One was exalted by your worship.
You visited 17 branches of the dungeon, and saw 87 of its levels.
You visited Pandemonium 1 time, and saw 17 of its levels.
You visited the Abyss 4 times.
You also visited: Gauntlet.

You collected 18769 gold pieces.
You spent 8197 gold pieces at shops.

Inventory:

Hand Weapons
 m - a +9 eveningstar of freezing
 q - a +8 broad axe of holy wrath (weapon)
 S - a +1 sacred scourge of holy wrath
 V - the +9 eveningstar "Worm" {flame, *Slow rF+ Will+ Int+4}
   (You acquired it in Pandemonium)

   Int:       It affects your intelligence (+4).
   rF:        It protects you from fire.
   *Slow:     It may slow you when you take damage.
   Will:      It increases your willpower.
Missiles
 j - 23 atropa-tipped darts
 p - 130 poisoned darts (quivered)
 s - 34 javelins
 x - 3 throwing nets
 E - 12 curare-tipped darts
 G - 5 datura-tipped darts
Armour
 r - a +2 helmet (worn)
 z - the +0 tower shield "Kanoin" (worn) {rF++ rCorr MP+9 Dex+3}
   (You acquired it on level 1 of the Elven Halls)

   Dex:       It affects your dexterity (+3).
   rF:        It greatly protects you from fire.
   MP:        It affects your magic capacity (+9).
   rCorr:     It protects you from acid and corrosion.
 N - a +2 cloak (worn)
 O - a scarf of resistance
 T - +12 gold dragon scales (worn)
 U - a +2 pair of gloves of dexterity (worn)
 Z - the +2 pair of boots of the Stag (worn) {Str+5}
   (You found it on level 2 of the Vaults)

   Str:       It affects your strength (+5).
Jewellery
 a - the ring of Feugunome {rF+ Int+3}
   (You found it on level 3 of the Tomb of the Ancients)

   [ring of protection from fire]

   Int:       It affects your intelligence (+3).
   rF:        It protects you from fire.
 c - the ring of Tuiwaodd {rC+ rN+ Str+4}
   (You found it on level 7 of the Iron City of Dis)

   [ring of positive energy]

   Str:       It affects your strength (+4).
   rC:        It protects you from cold.
   rN:        It protects you from negative energy.
 l - a ring of willpower
 o - an amulet of reflection (around neck)
 t - the ring of Myuwk (left hand) {Will+ Int+5 Dex+2}
   (You found it on level 7 of the Iron City of Dis)

   [ring of willpower]

   Int:       It affects your intelligence (+5).
   Dex:       It affects your dexterity (+2).
   Will:      It increases your willpower.
 B - an amulet of regeneration
 I - the ring of Udaociv (right hand) {rC+ Will+ Int-5 Dex+5}
   (You took it off a deep elf zephyrmancer on level 3 of the Elven Halls)

   [ring of protection from cold]

   Int:       It affects your intelligence (-5).
   Dex:       It affects your dexterity (+5).
   rC:        It protects you from cold.
   Will:      It increases your willpower.
 W - the dreamshard necklace {*Dream Drain}
   (You found it on level 2 of the Vaults)

   [amulet of nothing]

   *Dream:    It shatters if its wearer takes lethal or near-lethal damage,
   preventing the blow and releasing protective dreams that heal and fight for
   the wearer.
   Drain:     It drains your maximum health when unequipped.
Wands
 K - a wand of roots (125)
 L - a wand of digging (3)
 M - a wand of light (78)
Scrolls
 f - 5 scrolls of magic mapping
 h - 10 scrolls of poison
 i - 27 scrolls of teleportation
 k - 23 scrolls of blinking
 n - 8 scrolls of butterflies
 y - 11 scrolls of immolation
 H - 23 scrolls of fog
 P - 13 scrolls of vulnerability
 Q - 13 scrolls of fear
 X - 3 scrolls of silence
Potions
 b - 6 potions of ambrosia
 d - 8 potions of might
 e - 10 potions of resistance
 g - 10 potions of heal wounds
 u - 8 potions of cancellation
 v - 17 potions of lignification
 w - 10 potions of magic
 A - 20 potions of curing
 C - 15 potions of mutation
 D - 2 potions of berserk rage
 F - 9 potions of brilliance
 J - 8 potions of attraction
 R - 10 potions of haste


   Skills:
 O Level 27 Fighting
 - Level 2.3(2.8) Short Blades
 - Level 2.2(2.8) Long Blades
 - Level 23.2(27) Axes
 - Level 26.8(27) Maces & Flails
 - Level 2.5 Ranged Weapons
 + Level 4.1 Throwing
 O Level 27 Armour
 * Level 21.9 Dodging
 O Level 27 Shields
 + Level 3.2 Spellcasting
 + Level 4.9 Conjurations
 + Level 4.0 Hexes
 + Level 5.3 Summonings
 + Level 3.2 Necromancy
 + Level 3.3 Translocations
 + Level 4.0 Transmutations
 + Level 3.1 Fire Magic
 + Level 2.5 Ice Magic
 + Level 2.4 Air Magic
 + Level 2.8 Earth Magic
 + Level 3.0 Poison Magic
 O Level 27 Invocations
 * Level 19.4 Evocations


You had 32 spell levels left.
You didn't know any spells.
Your spell library contained the following spells:

 Spells                   Type           Power      Damage    Failure   Level
 Summon Small Mammal      Summ           60%        N/A       9%          1
 Magic Dart               Conj           52%        1d5       11%         1
 Call Imp                 Summ           30%        N/A       13%         2
 Foxfire                  Conj/Fire      44%        2x1d6     16%         1
 Slow                     Hex            44%        N/A       16%         1
 Shock                    Conj/Air       40%        1d5       19%         1
 Sting                    Tmut/Pois      40%        1d5       19%         1
 Apportation              Tloc           20%        N/A       21%         1
 Necrotise                Necr           36%        1d5       22%         1
 Momentum Strike          Conj/Tloc      24%        3d8       24%         2
 Wereblood                Tmut           11%        N/A       24%         2
 Static Discharge         Conj/Air       20%        2-3/arc   28%         2
 Call Canine Familiar     Summ           15%        N/A       28%         3
 Freeze                   Ice            32%        1d5       30%         1
 Passwall                 Tmut/Erth      8%         N/A       30%         2
 Blink                    Tloc           20%        N/A       32%         2
 Lesser Beckoning         Tloc           20%        N/A       32%         2
 Ensorcelled Hibernation  Hex/Ice        18%        N/A       34%         2
 Scorch                   Fire           18%        2d6       34%         2
 Summon Guardian Golem    Hex/Summ       13%        N/A       36%         3
 Poisonous Vapours        Pois/Air       16%        N/A       41%         2
 Dazzling Flash           Conj/Hex       24%        N/A       41%         3
 Confusing Touch          Hex            11%        N/A       47%         3
 Tukima's Dance           Hex            11%        N/A       47%         3
 Hailstorm                Conj/Ice       10%        3d5       50%         3
 Portal Projectile        Hex/Tloc       20%        N/A       52%         3
 Inner Flame              Hex/Fire       10%        N/A       54%         3
 Mephitic Cloud           Conj/Pois/Air  10%        N/A       54%         3
 Spider Form              Tmut/Pois      10%        N/A       54%         3
 Gell's Gravitas          Tloc           10%        N/A       56%         3
 Ignite Poison            Fire/Tmut/Pois 10%        N/A       56%         3
 Teleport Other           Tloc           10%        N/A       56%         3
 Volatile Blastmotes      Fire/Tloc      18%        2d11      56%         3
 Vampiric Draining        Necr           9%         2d6       58%         3
 Vhi's Electric Charge    Tloc/Air       18%        N/A       63%         3
 Frozen Ramparts          Ice            16%        1d3       69%         3
 Swiftness                Air            8%         N/A       69%         3
 Fulminant Prism          Conj/Hex       6%         3d6       83%         4
 Animate Armour           Summ/Erth      22%        N/A       87%         4
 Flame Wave               Conj/Fire      11%        2d6       87%         4
 Iskenderun's Mystic Bla  Conj/Tloc      12%        2d5       87%         4
 Sticky Flame             Conj/Fire      11%        2d3       87%         4
 Cause Fear               Hex            5%         N/A       88%         4
 Summon Ice Beast         Ice/Summ       11%        N/A       89%         4
 Summon Lightning Spire   Summ/Air       11%        N/A       89%         4
 Anguish                  Hex/Necr       5%         N/A       92%         4
 Petrify                  Tmut/Erth      10%        N/A       92%         4
 Leda's Liquefaction      Hex/Erth       5%         N/A       93%         4
 Manifold Assault         Tloc           10%        N/A       93%         4
 Passage of Golubria      Tloc           10%        N/A       93%         4
 Ice Form                 Ice/Tmut       9%         N/A       94%         4
 Olgreb's Toxic Radiance  Pois           9%         N/A       96%         4
 Airstrike                Air            4%         2d(1-17)  98%         4
 Iskenderun's Battlesphe  Conj           13%        2d7       98%         5
 Arcjolt                  Conj/Air       5%         1d15      99%         5
 Blade Hands              Tmut           5%         N/A       99%         5
 Fireball                 Conj/Fire      5%         3d5       99%         5
 Irradiate                Conj/Tmut      6%         3d13      99%         5
 Summon Forest            Summ/Tloc      6%         N/A       99%         5
 Summon Mana Viper        Hex/Summ       13%        N/A       99%         5
 Agony                    Necr           9%         N/A       100%        5
 Alistair's Intoxication  Tmut/Pois      6%         N/A       100%        5
 Borgnjor's Vile Clutch   Necr/Erth      4%         N/A       100%        5
 Freezing Cloud           Conj/Ice/Air   5%         6-21      100%        5
 Lee's Rapid Deconstruct  Erth           4%         3d5*      100%        5
 Metabolic Englaciation   Hex/Ice        4%         N/A       100%        5
 Silence                  Hex/Air        4%         N/A       100%        5
 Conjure Ball Lightning   Conj/Air       5%         3x3d6     100%        6
 Dispersal                Tloc           5%         N/A       100%        6
 Eringya's Noxious Bog    Tmut/Pois      5%         N/A       100%        6
 Iron Shot                Conj/Erth      5%         9d2       100%        6
 Plasma Beam              Fire/Air       4%         2x1d15    100%        6
 Simulacrum               Ice/Necr       4%         N/A       100%        6
 Starburst                Conj/Fire      5%         6d4       100%        6
 Summon Cactus Giant      Summ           7%         N/A       100%        6
 Dragon Form              Tmut           5%         N/A       100%        7
 Enfeeble                 Hex            5%         N/A       100%        7
 Monstrous Menagerie      Summ           7%         N/A       100%        7
 Orb of Destruction       Conj           6%         9d6       100%        7
 Ozocubu's Refrigeration  Ice            4%         4d8       100%        7
 Spellforged Servitor     Conj/Summ      7%         N/A       100%        7
 Storm Form               Tmut/Air       4%         N/A       100%        7
 Summon Hydra             Summ           7%         N/A       100%        7
 Borgnjor's Revivificati  Necr           4%         N/A       100%        8
 Discord                  Hex            5%         N/A       100%        8
 Disjunction              Tloc           5%         N/A       100%        8
 Ignition                 Fire           4%         3d4       100%        8
 Lehudib's Crystal Spear  Conj/Erth      5%         10d3      100%        8
 Maxwell's Capacitive Co  Air            4%         ∞         100%        8
 Necromutation            Tmut/Necr      5%         N/A       100%        8
 Chain Lightning          Conj/Air       5%         3d6       100%        9
 Death's Door             Necr           4%         N/A       100%        9
 Dragon's Call            Summ           7%         N/A       100%        9
 Fire Storm               Conj/Fire      5%         8d2       100%        9
 Polar Vortex             Ice            4%         N/A       100%        9
 Shatter                  Erth           4%         3d7*      100%        9
 Sublimation of Blood     Necr           Unusable   N/A       N/A         2
 Cigotuvi's Dreadful Rot  Necr/Pois/Air  Unusable   N/A       N/A         2
 Statue Form              Tmut/Erth      Unusable   N/A       N/A         6

Dungeon Overview and Level Annotations

Branches:
Dungeon (15/15)            Temple (0/1) D:7            Lair (5/5) D:11
  Swamp (4/4) Lair:3        Snake (4/4) Lair:2        Slime (5/5) Lair:4
    Orc (2/2) D:12            Elf (3/3) Orc:2        Vaults (5/5) D:14
  Crypt (3/3) Vaults:3       Tomb (3/3) Crypt:3      Depths (4/4) D:15
   Hell (visited)             Dis (7/7) Hell            Geh (7/7) Hell
    Coc (7/7) Hell            Tar (7/7) Hell            Zot (5/5) Depths:4
Gauntlet (visited)

Altars:
Ashenzari
Elyvilon
Hepliaklqana
Kikubaaqudgha
Qazlal
Ru
Vehumet
Wu Jian
Xom
Yredelemnul
Zin
The Shining One
Jiyva

Shops:
D:4 *   D:7 [   D:9 [   Orc:2 ([*=   Elf:2 (   Snake:1 !(   Snake:2 [
Snake:4 ***   Vaults:1 [   Vaults:3 *   Depths:1 *   Depths:2 (!?(!*
Depths:3 (

Portals:
Hell: Depths:1 Depths:2 Depths:3 Depths:4
Abyss: Depths:3
Pandemonium: Depths:2
Ziggurat: Tomb:3 Depths:1

Annotations:
Geh:1 9 runed translucent doors


Innate Abilities, Weirdness & Mutations

You are immune to sickness and miasma.
Your stone body is resilient. (AC +20)
You are immune to poison.
Your large and strong wings let you fly.
You resist negative energy. (rN+)
You are resistant to electric shocks. (rElec)
You are resistant to unholy torment.
You are immune to petrification.
Your skin blends seamlessly with your surroundings (Stealth++).
Your mind is acute. (Int +4, Str/Dex -1)
Your magical capacity is low. (-10% MP)
Your spells are easier to cast, but less powerful.


Message History

You destroy the large abomination!
The Shining One accepts your kill.
A chaos spawn comes into view.
You block the chaos spawn's attack.
You slice the chaos spawn!!
The chaos spawn convulses!
The chaos spawn is almost dead.
You slash the chaos spawn!
You kill the chaos spawn!
The Shining One accepts your kill.
The chaos spawn degenerates into a cloud of primal chaos!
There is a stone staircase leading up here.
(D) Dungeon (T) Temple (L) Lair (S) Swamp (P) Snake Pit (M) Slime Pits (O) Orcish Mines (E) Elven Halls (V) Vaults (C) Crypt (W) Tomb (U) Depths (H) Hell (I) Dis (G) Gehenna (X) Cocytus (Y) Tartarus (Z) Zot
Where to? (Enter - D:1, ? - help)
You fly upwards.
There is a stone staircase leading down here.
There is a stone staircase leading up here.
You fly upwards.
There is a stone staircase leading down here.
There is a stone staircase leading up here.
There is a stone staircase leading up here.
You fly upwards.
There is a stone staircase leading down here.
You see here a +0 dagger.
There is a stone staircase leading up here.
You fly upwards.
There is a stone staircase leading down here.
There is a staircase leading out of the dungeon here.
Okay, then.
Unknown command.
You feel very mighty all of a sudden.
You feel clever all of a sudden.
A red film seems to cover your vision as you go berserk!
You feel yourself moving faster!
You feel mighty!
Unknown command.
You feel a strong urge to attack something.
You have escaped!

..###.####.##.............#### #
...##..........###...###.....####
...............#......>#...#.....
.#.##.####.....#.......#...######
.#..#.#.###.#.............## #
.##.#.......#......#......## #
..#.........#.............## #
....#....##....#.......#...# #
....#..........#@......#[..# #
....#..........###...###...######
............#.............#..##..
...######...#.............#..##.#
...# #####..###...###...###......
...# #.......................##.#
...# #.###.#.#....###.##.>.#....#
...# #.###...#.##.# #.##.###..###
...# #.....#.#.##.###.........###


There were no monsters in sight!

Vanquished Creatures
  Antaeus (Coc:7)
  Asmodeus (Geh:7)
  the Royal Jelly (Slime:5)
  Ereshkigal (Tar:7)
  Gloorx Vloq (Pan)
  the Serpent of Hell (Dis:7)
  Lom Lobon (Pan)
  Mnoleg (Pan)
  9 dread liches
  Dispater (Dis:7)
  9 ancient liches
  2 orbs of fire (Zot:4)
  Mennas (Vaults:5)
  4 juggernauts
  28 royal mummies
  The ghost of Foeroudum the Conqueror, a master MfBe of Trog (Zot:2)
  Josephina (Crypt:2)
  Boris (Vaults:5)
  29 shard shrikes
  2 Killer Klowns
  Vv (Crypt:2)
  Saint Roka (Snake:4)
  The ghost of Ciwiv the Executioner, a veteran FoFi of Dithmenos (Crypt:3)
  29 caustic shrikes
  4 curse toes
  Jory (Vaults:5)
  12 golden dragons
  Geryon (Hell)
  Nikola (Swamp:3)
  6 profane servitors
  35 bone dragons
  23 Tzitzimimeh
  6 doom hounds
  2 spectral shard shrikes
  14 Brimstone Fiends
  24 iron giants
  3 electric golems
  8 pandemonium lords
  9 hellephants
  Jorgrun (Elf:1)
  18 tentacled monstrosities
  30 Ice Fiends
  38 Hell Sentinels
  28 Orb Guardians
  10 liches
  16 tainted leviathans
  Mlioglotl (Swamp:2)
  A walking divine tome (Depths:1)
  3 deep elf blademasters
  26 titans
  25 searing wretches
  A deep elf master archer (Elf:3)
  11 quicksilver dragons
  7 tentacled starspawn
  37 ancient champions
  26 acid blobs
  5 death cobs
  12 sphinxes
  19 Executioners
  20 storm dragons
  A kraken (Abyss:5)
  3 thorn hunters
  3 tengu reavers
  8 revenants
  Donald (Elf:1)
  14 shadow dragons
  Roxanne (Snake:2)
  11 rockslimes
  3 demonspawn warmongers (Pan)
  10 azure jellies
  4 nagarajas
  A daeva (Abyss:5)
  4 deep elf sorcerers
  11 draconian monks
  9 iron dragons
  14 fire giants
  15 narguns
  3 draconian knights
  Aizul (Snake:2)
  11 frost giants
  2 draconian scorchers
  10 quicksilver elementals
  5 curse skulls
  3 caustic shrike zombies
  17 vault wardens
  Louise (Depths:3)
  A deep elf elementalist (Elf:3)
  27 cacodemons
  6 ghost moths
  5 draconian shifters
  2 orc warlords
  The ghost of STOCKSandBONDS the Severer, a journeyman MiBe of Trog (D:11)
  51 balrugs
  4 ghouls
  2 spectral caustic shrikes
  25 ironbound preservers
  An angel (Abyss:3)
  4 juggernaut zombies
  13 shard shrike simulacra
  8 draconian annihilators
  8 demonspawn blood saints (Pan)
  A spriggan defender (Depths:3)
  2 draconian stormcallers (Zot:2)
  27 stone giants
  5 caustic shrike skeletons
  27 war gargoyles
  30 very ugly things
  A juggernaut skeleton (Crypt:3)
  17 reapers
  5 demonspawn corrupters (Pan)
  8 quicksilver oozes
  5 eleionomae
  7 ironbound thunderhulks
  24 elemental wellsprings
  14 black draconians
  7 deep elf demonologists
  2 ophanim
  11 putrid mouths
  10 red draconians
  9 demonspawn black suns (Pan)
  11 green draconians
  2 spectral titans
  17 vampire knights
  10 bennus (Tomb:3)
  8 bunyips
  17 dire elephants
  6 spark wasps
  11 white draconians
  8 purple draconians
  9 lorocyprocas
  11 yellow draconians
  A minotaur (Gauntlet)
  28 wendigos
  18 deep elf annihilators
  22 iron golems
  28 blizzard demons
  2 quicksilver dragon zombies
  18 eidola
  A merfolk javelineer (Depths:1)
  20 mummy priests
  12 jiangshi
  A spectral golden dragon (Tar:1)
  17 green deaths
  A merfolk impaler (Depths:2)
  13 yaktaur captains
  2 spectral quicksilver dragons (Tar:2)
  11 ettins
  10 deep elf death magi
  5 fire dragons
  An entropy weaver (Vaults:5)
  13 rakshasas
  10 deep elf high priests
  5 spectral spriggans
  17 hydras
  2 spriggan zombies (Crypt:2)
  9 great orbs of eyes
  A fire dragon (shapeshifter) (Depths:1)
  6 caustic shrike simulacra
  14 ice dragons
  2 quicksilver dragon skeletons (Crypt:2)
  5 peacekeepers
  4 ogre magi
  13 salamander tyrants
  3 spriggan skeletons
  9 juggernaut simulacra
  35 vault guards
  3 ghost crabs
  6 hell beasts (Pan)
  2 spriggan air magi
  7 anacondas
  A catoblepas (Gauntlet)
  8 boulder beetles
  7 ironbound frosthearts
  7 stokers
  29 dancing weapons
  7 centaur warriors
  9 two-headed ogres
  3 tengu warriors
  10 vampire magi
  6 death knights
  A spectral stone giant (Tar:2)
  13 naga warriors
  3 deep troll shamans (Depths:4)
  An Orb Guardian skeleton (Crypt:2)
  3 death yaks (Lair:2)
  13 alligators
  60 death scarabs
  4 spriggan berserkers
  31 hell hogs
  16 thrashing horrors
  2 titan zombies (Tar:7)
  5 deep troll earth magi
  2 spectral dire elephants
  9 shock serpents
  Urug (D:13)
  8 hell knights
  56 large abominations
  86 sun demons
  14 naga sharpshooters
  13 crystal echidnas
  7 deep elf knights
  34 soul eaters
  6 wretched stars
  A spectral bunyip (Tar:1)
  8 salamander mystics
  35 sixfirhies
  7 spatial maelstroms (Abyss:5)
  5 goliath frogs
  40 shadow wraiths
  4 quicksilver dragon simulacra
  4 iron trolls
  67 deep trolls
  33 skeletal warriors
  A sea snake (shapeshifter) (Vaults:1)
  2 skysharks
  13 glowing orange brains
  7 shadow demons
  A bunyip zombie (Crypt:1)
  6 bog bodies
  A storm dragon skeleton (Abyss:2)
  5 spriggan druids
  18 lindwurms
  19 ironbound convokers
  5 flayed ghosts
  9 wizards
  2 orange crystal statues (Depths:2)
  11 deep elf archers
  A golden dragon skeleton (Pan)
  6 naga ritualists
  4 harpies
  A lindwurm (shapeshifter) (Vaults:5)
  2 spectral iron dragons
  7 swamp dragons
  16 phantasmal warriors
  A spectral anaconda (Tar:1)
  A sphinx zombie (Crypt:3)
  3 spriggan simulacra
  Pikel (D:7)
  A harpy (shapeshifter) (D:14)
  32 deep elf pyromancers
  A human zombie (Vaults:4)
  An anaconda skeleton (Tomb:3)
  11 necromancers
  9 orc knights
  35 ugly things
  10 mana vipers
  6 orc sorcerers
  22 deep elf zephyrmancers
  A wolf spider (shapeshifter) (Vaults:5)
  2 wolf spiders
  A fire giant zombie (Geh:6)
  3 worldbinders
  10 cyclopes
  3 will-o-the-wisps
  A shadow dragon skeleton (Pan)
  8 shining eyes
  15 salamanders
  A toenail golem (Abyss:3)
  A spectral ettin (Tar:3)
  3 spectral centaurs
  A spectral fire dragon (Tar:1)
  3 manticores
  A shock serpent zombie (Crypt:3)
  2 guardian serpents
  16 naga magi
  31 moths of wrath
  7 rust devils (Hell)
  An iron dragon skeleton (Tomb:1)
  27 elephants
  7 titan simulacra
  A spectral alligator snapping turtle (Tar:2)
  18 vault sentinels
  8 eyes of devastation
  39 black mambas
  An apocalypse crab (Abyss:3)
  28 demonic crawlers
  A stone giant skeleton (Crypt:2)
  59 smoke demons
  A frost giant skeleton (Vaults:4)
  8 molten gargoyles (Geh:7)
  42 orange demons
  7 ice statues
  4 rime drakes
  33 hellions
  An alligator snapping turtle zombie (Crypt:2)
  10 cane toads
  A dire elephant skeleton (Crypt:2)
  3 unseen horrors
  A storm dragon simulacrum (Coc:1)
  A centaur skeleton (Pan)
  A shock serpent skeleton (Crypt:2)
  3 gargoyles
  A yaktaur zombie (Vaults:4)
  2 elf zombies (Vaults:5)
  11 komodo dragons
  An alligator snapping turtle skeleton (Crypt:2)
  7 efreet (Pan)
  4 freezing wraiths
  2 tengu conjurers
  56 guardian mummies
  12 ice devils
  30 tormentors
  3 anaconda simulacra
  4 iron giant simulacra
  2 bunyip simulacra (Coc:1)
  6 ancient zymes
  5 spectral nagas
  A minotaur skeleton (Tomb:3)
  23 yaktaurs
  A death yak skeleton (Crypt:1)
  4 golden dragon simulacra
  8 trolls
  A sea snake skeleton (Crypt:3)
  7 red devils
  A silent spectre (Tar:3)
  3 meliai (D:15)
  2 tengu simulacra
  46 hellwings
  8 polar bears
  10 hornets
  3 harpy zombies
  2 harpy skeletons
  27 raiju
  A fire dragon zombie (Crypt:3)
  8 tyrant leeches
  A deep troll zombie (Vaults:1)
  A guardian serpent zombie (Crypt:3)
  A sphinx simulacrum (Depths:2)
  27 blink frogs
  19 dream sheep
  2 iron dragon simulacra
  4 stone giant simulacra
  3 air elementals
  A jumping spider (shapeshifter) (Depths:4)
  A slime creature (shapeshifter) (Vaults:5)
  A black mamba zombie (Crypt:2)
  A frost giant simulacrum (Vaults:1)
  23 flying skulls
  2 shadows
  127 slime creatures
  A spriggan (shapeshifter) (Vaults:5)
  4 water elementals
  A fire dragon skeleton (Geh:6)
  9 wyverns
  38 ynoxinuls
  26 ushabtiu
  2 vampires (D:10)
  A wind drake zombie (Crypt:3)
  17 spriggans
  71 yaks
  9 wraiths
  2 ettin skeletons
  A fire bat (Abyss:3)
  4 naga simulacra
  5 basilisks
  A black mamba skeleton (Pan)
  10 dire elephant simulacra
  20 golden eyes
  30 neqoxecs
  9 small abominations
  3 fire elementals
  A steam dragon (D:7)
  40 chaos spawn
  Menkaure (D:6)
  11 vampire mosquitoes
  12 spatial vortices (Abyss:5)
  15 harpy simulacra
  46 nagas
  26 swamp worms
  8 wargs
  A fire bat skeleton (Crypt:1)
  Duvessa (D:6)
  5 acid dragons
  An acid dragon (shapeshifter) (Vaults:5)
  6 hell hounds
  2 hydra simulacra
  14 water moccasins
  A deep troll skeleton (Crypt:3)
  A floating eye (shapeshifter) (D:13)
  5 floating eyes
  A two-headed ogre skeleton (Crypt:1)
  2 naga skeletons
  A demonspawn skeleton (Pan)
  3 ice beasts
  41 orc warriors
  12 swamp drakes
  A glowing shapeshifter skeleton (Vaults:4)
  The ghost of monkeyman the Trooper, an amateur MiBe of Trog (D:4)
  3 sky beasts
  7 black bears
  A lindwurm zombie (Crypt:2)
  A swamp dragon zombie (Crypt:2)
  An ice dragon simulacrum (Crypt:2)
  8 ettin simulacra
  9 ogres
  9 boggarts
  34 wolves
  A tengu (Abyss:3)
  41 starcursed masses
  17 centaurs
  4 phantoms
  4 lemures (D:7)
  10 kobold brigands
  10 bullfrogs
  A necrophage (Crypt:2)
  Blork the orc (D:4)
  An earth elemental (Elf:3)
  4 scorpions
  Dowan (D:6)
  6 wights
  A troll zombie (Crypt:2)
  4 killer bees (D:10)
  A yak zombie (Crypt:2)
  12 howler monkeys
  2 electric eels
  5 crimson imps
  3 quasits
  A gnoll bouda (D:6)
  A hound (D:7)
  14 jellies
  18 orc priests
  Crazy Yiuf (D:2)
  Jessica (D:3)
  2 human skeletons
  2 sleepcaps
  3 iguanas
  22 orc wizards
  Natasha (thrice) (D:4)
  4 lightning spires (Elf:2)
  4 hell rats (Lair:3)
  A deep dwarf zombie (Crypt:1)
  An ogre skeleton (Crypt:1)
  A tengu skeleton (Crypt:3)
  A deep dwarf skeleton (Crypt:1)
  60 mummies
  Robin (D:2)
  6 gnolls
  15 adders
  A shadow imp (D:6)
  6 white imps
  3 ufetubi
  An adder skeleton (Crypt:3)
  A worm (D:2)
  5 dart slugs
  84 orcs
  6 endoplasms
  4 giant cockroaches
  15 goblins
  7 hobgoblins
  3 jackals (D:1)
  46 kobolds
  5 quokkas
  2 ball pythons (D:2)
  7 bats
  2 frilled lizards
  7 rats
  5 ball lightnings (Pan)
  7 creeping infernos
  39 fire vortices
  2 lurking horrors
  11 starspawn tentacles
  A tentacle (Abyss:5)
4674 creatures vanquished.

Vanquished Creatures (collateral kills)
  the Lernaean hydra (Swamp:4)
  2 hydras (Swamp:4)
  2 swamp dragons (Swamp:4)
  A hornet (Swamp:4)
  A spriggan (Swamp:4)
  A vampire mosquito (Swamp:4)
  A swamp drake (Swamp:4)
9 creatures vanquished.

Vanquished Creatures (others)
  Cerebov (Pan)
  A Hell Sentinel (Dis:7)
  An eldritch tentacle (Pan)
  A balrug (Geh:3)
  A fire giant (Geh:2)
  3 shard shrike simulacra
  An angel (Depths:2)
  2 demonspawn blood saints (Pan)
  A very ugly thing (Depths:2)
  3 wendigos (Coc:7)
  A blizzard demon (Pan)
  A green death (Pan)
  2 caustic shrike simulacra
  6 juggernaut simulacra
  A naga warrior (Snake:4)
  A hell hog (Geh:3)
  A shadow wraith (Crypt:2)
  2 spriggan simulacra
  A deep elf zephyrmancer (Elf:1)
  A phantasmal warrior (Vaults:1)
  2 deep elf pyromancers
  A salamander (Snake:4)
  A titan simulacrum (Coc:4)
  A hellion (Geh:7)
  A tormentor (Pan)
  An iron giant simulacrum (Coc:7)
  A red devil (Pan)
  An anaconda simulacrum (Coc:5)
  6 bloated husks
  An iron dragon simulacrum (Coc:7)
  A stone giant simulacrum (Coc:2)
  A water elemental (Elf:3)
  2 dire elephant simulacra
  A large abomination (Pan)
  2 ushabtiu (Tomb:3)
  A golden eye (Pan)
  A minotaur simulacrum (Coc:2)
  A neqoxec (Pan)
  3 naga simulacra
  2 chaos spawn
  A swamp worm (Swamp:2)
  7 harpy simulacra
  An orc warrior (Orc:2)
  2 small abominations
  A gnoll (D:6)
  3 orcs
  A quokka (D:10)
  7 ball lightnings
  3 creeping infernos
  4 fire vortices
  11 foxfires
  4 lurking horrors (Geh:1)
  15 starspawn tentacles
  7 tentacles (Abyss:5)
130 creatures vanquished.

Grand Total: 4813 creatures vanquished

Notes
Turn   | Place    | Note
-------+----------+-------------------------------------------
     0 | D:1      | danielguo94 the Gargoyle Fighter began the quest for the
                  | Orb.
     0 | D:1      | Reached XP level 1. HP: 14/14 MP: 1/1
   143 | D:1      | Found a faded altar of an unknown god.
   154 | D:1      | Reached XP level 2. HP: 19/19 MP: 2/2
   598 | D:2      | Reached XP level 3. HP: 20/23 MP: 3/3
   844 | D:2      | Reached XP level 4. HP: 28/28 MP: 4/4
  1253 | D:2      | Found a runed translucent door.
  1254 | D:2      | Noticed Crazy Yiuf
  1372 | D:2      | Noticed Robin
  1377 | D:2      | Killed Robin
  1496 | D:2      | Reached XP level 5. HP: 32/32 MP: 5/5
  1886 | D:3      | Noticed Jessica
  1901 | D:3      | Killed Jessica
  2643 | D:4      | Reached XP level 6. HP: 38/38 MP: 6/6
  2721 | D:4      | Found a transporter.
  2785 | D:4      | Reached skill level 5 in Maces & Flails
  2785 | D:4      | Reached skill level 1 in Dodging
  2818 | D:4      | Noticed Blork the orc
  2825 | D:4      | Killed Blork the orc
  2921 | D:4      | Noticed monkeyman's ghost (amateur MiBe)
  2969 | D:4      | Found a transporter.
  3000 | D:4      | Noticed Natasha
  3009 | D:4      | Killed Natasha
  3187 | D:4      | Reached XP level 7. HP: 42/42 MP: 7/7
  3511 | D:4      | Found Ea-nāṣir's Fine Metal Goods.
  3515 | D:4      | Bought a glowing tower shield for 202 gold pieces
  3709 | D:5      | Entered Level 5 of the Dungeon
  3903 | D:5      | Reached XP level 8. HP: 45/48 MP: 8/8
  4147 | D:5      | Reached skill level 5 in Armour
  4936 | D:6      | Noticed Menkaure
  4946 | D:6      | Killed Menkaure
  4947 | D:6      | Reached skill level 5 in Fighting
  5035 | D:6      | Found a basalt altar of Yredelemnul.
  5048 | D:6      | Reached XP level 9. HP: 51/54 MP: 9/9
  5088 | D:6      | Found a glowing golden altar of the Shining One.
  5095 | D:6      | Noticed a profane servitor
  5114 | D:6      | Noticed Dowan
  5116 | D:6      | Noticed Duvessa
  5178 | D:6      | Found a radiant altar of Vehumet.
  5619 | D:6      | Killed Duvessa
  5787 | D:6      | Killed Dowan
  5988 | D:6      | Reached skill level 5 in Shields
  6012 | D:6      | Found a hazy altar of Hepliaklqana.
  6022 | D:6      | Reached skill level 10 in Maces & Flails
  6286 | D:6      | Found a broken altar of Ashenzari.
  6492 | D:2      | Killed Crazy Yiuf
  6621 | D:4      | Noticed Natasha
  6642 | D:4      | Killed monkeyman's ghost
  6701 | D:4      | Killed Natasha
  6830 | D:4      | Noticed Natasha
  6836 | D:4      | Killed Natasha
  6960 | D:6      | Noticed an angel
  6965 | D:6      | Became a worshipper of the Shining One
  7276 | D:7      | Found a large runed translucent door.
  7276 | D:7      | Found a large runed translucent door.
  7282 | D:7      | Noticed a cyclops
  7287 | D:7      | Noticed Pikel
  7341 | D:7      | Paralysed by Pikel for 4 turns
  7351 | D:7      | Killed Pikel
  7352 | D:7      | Reached XP level 10. HP: 51/60 MP: 10/10
  7508 | D:7      | Noticed a green ugly thing
  7570 | D:8      | Noticed a cyclops
  7633 | D:7      | Found Zuilin's Armour Emporium.
  7655 | D:7      | Found a large runed translucent door.
  7655 | D:7      | Found a large runed translucent door.
  7699 | D:7      | Killed a green ugly thing
  7837 | D:7      | Reached * piety under the Shining One
  7851 | D:7      | Identified the +10 giant spiked club of the Scavenger
                  | {heavy, Fly rF+ Str+2}
  8144 | D:7      | Found a glowing silver altar of Zin.
  8163 | D:7      | Found a staircase to the Ecumenical Temple.
  9018 | D:8      | Found a shimmering altar of Xom.
  9077 | D:8      | Found an ornate altar of the Wu Jian Council.
  9524 | D:8      | Killed a cyclops
 10086 | D:9      | Noticed a two-headed ogre
 10100 | D:9      | Killed a two-headed ogre
 10101 | D:9      | Reached XP level 11. HP: 37/67 MP: 11/11
 10433 | D:9      | Found Pobluec's Armour Emporium.
 10441 | D:9      | Bought a +2 cloak for 231 gold pieces
 10651 | D:10     | Entered Level 10 of the Dungeon
 10678 | D:10     | Noticed a two-headed ogre
 10693 | D:10     | Killed a two-headed ogre
 10753 | D:10     | Identified the +1 robe "Mol Hegy" {Dex+3}
 10834 | D:10     | Reached skill level 1 in Throwing
 10981 | D:10     | Found a stormy altar of Qazlal.
 11057 | D:10     | Noticed a two-headed ogre
 11075 | D:10     | Killed a two-headed ogre
 11105 | D:10     | Found a sacrificial altar of Ru.
 11122 | D:10     | Found a white marble altar of Elyvilon.
 11710 | D:11     | Reached ** piety under the Shining One
 11718 | D:11     | Found a staircase to the Lair.
 11953 | D:11     | Noticed a green ugly thing
 11972 | D:11     | Killed a green ugly thing
 12105 | D:11     | Noticed a green ugly thing
 12121 | D:11     | Killed a green ugly thing
 12204 | D:11     | Found a runed translucent door.
 12205 | D:11     | Noticed STOCKSandBONDS's ghost (journeyman MiBe)
 12440 | Lair:1   | Entered Level 1 of the Lair of Beasts
 12556 | Lair:1   | Reached XP level 12. HP: 75/75 MP: 12/12
 13810 | Lair:2   | Reached skill level 5 in Dodging
 14067 | Lair:2   | Found a staircase to the Snake Pit.
 14083 | Lair:2   | Reached *** piety under the Shining One
 14207 | Lair:2   | Reached skill level 10 in Fighting
 14243 | Lair:2   | Reached XP level 13. HP: 49/82 MP: 13/13
 14468 | Lair:2   | Reached skill level 15 in Maces & Flails
 15466 | Lair:3   | Reached skill level 10 in Armour
 16589 | Lair:3   | Found a staircase to the Swamp.
 16730 | Lair:3   | Reached skill level 1 in Invocations
 16778 | Lair:3   | Reached **** piety under the Shining One
 16920 | Lair:3   | Gained mutation: Your large and strong wings let you fly.
                  | [Gargoyle growth]
 16920 | Lair:3   | Reached XP level 14. HP: 47/90 MP: 15/15
 18156 | Lair:4   | Found a runed translucent door.
 18179 | Lair:4   | Noticed a dire elephant
 18324 | Lair:4   | Found a staircase to the Slime Pits.
 18356 | Lair:4   | Found a viscous altar of Jiyva.
 19277 | D:7      | Bought a +2 pair of gloves of dexterity for 236 gold pieces
 19321 | D:7      | Identified the +7 long sword "Lyrphayrph" {flame, rPois
                  | MP+9 Int+2}
 20144 | D:12     | Found a staircase to the Orcish Mines.
 20462 | D:12     | Reached ***** piety under the Shining One
 20749 | Orc:1    | Entered Level 1 of the Orcish Mines
 20876 | Orc:2    | Entered Level 2 of the Orcish Mines
 21422 | Orc:2    | Found a staircase to the Elven Halls.
 21523 | Orc:1    | Reached skill level 10 in Shields
 22228 | D:4      | Bought an eveningstar for 405 gold pieces
 22491 | Lair:5   | Entered Level 5 of the Lair of Beasts
 22933 | Lair:5   | Reached skill level 5 in Invocations
 23069 | Lair:5   | Reached XP level 15. HP: 73/97 MP: 18/18
 23618 | Lair:5   | Identified the +3 tower shield "Dopt" {+Blink +Inv rCorr
                  | Str-4 Stlth+}
 24541 | Lair:4   | Identified the +5 battleaxe of the Real Monster {antimagic,
                  | rF+}
 24545 | Lair:4   | Identified the staff of poison "Puleloku" {rPois SInv}
 24944 | D:11     | Killed STOCKSandBONDS's ghost
 25389 | Orc:2    | Noticed an orc warlord
 25788 | Orc:1    | Killed an orc warlord
 26301 | Orc:2    | Found Wuwen's General Store.
 26301 | Orc:2    | Found Vock's Armour Shoppe.
 26301 | Orc:2    | Found Papsyogg's Antique Weapon Emporium.
 26304 | Orc:2    | Found Ampess's Jewellery Shop.
 26313 | Orc:2    | Bought a scroll of identify for 30 gold pieces
 26313 | Orc:2    | Bought a scroll of identify for 30 gold pieces
 26315 | Orc:2    | Bought a potion of lignification for 45 gold pieces
 26921 | D:13     | Found a transporter.
 27233 | D:9      | Bought a +3 plate armour of fire resistance for 630 gold
                  | pieces
 27411 | D:13     | Noticed Urug
 27424 | D:13     | Killed Urug
 27642 | D:13     | Noticed an iron dragon
 27657 | D:13     | Killed an iron dragon
 27841 | D:13     | Identified the +5 plate armour "Ishruraz" {rN+ Regen+ Int+3
                  | Stlth-}
 27876 | D:13     | Found a transporter.
 28034 | D:13     | Reached XP level 16. HP: 55/104 MP: 21/21
 28210 | D:14     | Reached ****** piety under the Shining One
 29183 | D:14     | Found a gate to the Vaults.
 29687 | Snake:1  | Entered Level 1 of the Snake Pit
 29687 | Snake:1  | Noticed a nagaraja
 29704 | Snake:1  | Killed a nagaraja
 29881 | Snake:1  | Found Xanian Qaun's Weapon Boutique.
 29886 | Snake:1  | Found Totywysk's Distillery.
 29908 | Snake:1  | Bought a potion of attraction for 33 gold pieces
 29908 | Snake:1  | Bought a potion of lignification for 33 gold pieces
 29908 | Snake:1  | Bought a potion of curing for 33 gold pieces
 29908 | Snake:1  | Bought a potion of curing for 33 gold pieces
 29908 | Snake:1  | Bought a potion of curing for 33 gold pieces
 31160 | Snake:2  | Noticed Aizul
 31187 | Snake:2  | Killed Aizul
 31772 | Snake:2  | Noticed Roxanne
 31790 | Snake:2  | Killed Roxanne
 31866 | Snake:2  | Noticed a nagaraja
 31877 | Snake:2  | Killed a nagaraja
 32189 | Snake:2  | Found Ekeylud's Antique Armour Shoppe.
 32320 | Snake:3  | Reached XP level 17. HP: 112/112 MP: 23/23
 32528 | Snake:3  | Identified the +8 dagger "Jaget" {speed, rF+}
 33449 | Snake:4  | Entered Level 4 of the Snake Pit
 33476 | Snake:4  | Found Xobio's General Store.
 33544 | Snake:4  | Reached skill level 15 in Fighting
 33630 | Snake:4  | Identified the +3 ring mail "Anal Noo" {*Corrode Regen+
                  | SInv}
 33658 | Snake:4  | Noticed Saint Roka
 33681 | Snake:4  | Killed Saint Roka
 33766 | Snake:4  | Bought a potion of mutation for 120 gold pieces
 33823 | Snake:4  | Found Asmopso's Assorted Antiques.
 33840 | Snake:4  | Bought a scroll of teleportation for 96 gold pieces
 33840 | Snake:4  | Bought a scroll labelled YQOIPUSYTE for 32 gold pieces
 34240 | Snake:4  | Reached skill level 10 in Invocations
 34394 | Snake:4  | Found Sibupnyv's Assorted Antiques.
 34990 | Snake:4  | Got a serpentine rune of Zot
 35616 | Swamp:1  | Entered Level 1 of the Swamp
 35635 | Swamp:1  | Reached XP level 18. HP: 119/119 MP: 25/25
 36315 | Swamp:2  | Noticed Mlioglotl
 36326 | Swamp:2  | Killed Mlioglotl
 37119 | Swamp:3  | Noticed Nikola
 37133 | Swamp:3  | Killed Nikola
 37321 | Swamp:3  | Identified 3 scrolls of acquirement
 37327 | Swamp:3  | Acquired a ring of willpower
 37330 | Swamp:3  | Acquired 1041 gold pieces
 37331 | Swamp:3  | Acquired a +2 eveningstar of protection
 37995 | Swamp:4  | Entered Level 4 of the Swamp
 37995 | Swamp:4  | Noticed a tentacled monstrosity
 38017 | Swamp:4  | Killed a tentacled monstrosity
 38218 | Swamp:4  | Noticed the 27-headed Lernaean hydra
 38230 | Swamp:4  | Killed the 27-headed Lernaean hydra
 38312 | Swamp:4  | Reached skill level 15 in Shields
 38321 | Swamp:4  | Reached XP level 19. HP: 65/125 MP: 27/27
 38499 | Swamp:4  | Got a decaying rune of Zot
 39112 | Elf:1    | Entered Level 1 of the Elven Halls
 39201 | Elf:1    | Paralysed by an air elemental for 1 turns
 39287 | Elf:1    | Noticed Donald
 39294 | Elf:1    | Killed Donald
 39747 | Elf:1    | Acquired the +0 tower shield "Kanoin" {rF++ rCorr MP+9
                  | Dex+3}
 39960 | Elf:1    | Noticed Jorgrun
 39974 | Elf:1    | Killed Jorgrun
 40329 | Elf:2    | Found a runed translucent gate.
 40358 | Elf:2    | Found a runed translucent gate.
 40358 | Elf:2    | Found a runed translucent gate.
 40358 | Elf:2    | Identified the +11 mace of the Apocalypse {protect, rElec}
 40457 | Elf:2    | Identified the +1 robe of Yschiolu {rC+ Dex+2 Stlth-}
 40599 | Elf:2    | Got the Opusculum on the Tesseract and the Sixfirhy
 40743 | Elf:2    | Found Mioce's Weapon Shoppe.
 40996 | Elf:2    | Paralysed by an air elemental for 1 turns
 41000 | Elf:2    | Paralysed by an air elemental for 1 turns
 41006 | Elf:2    | Paralysed by an air elemental for 1 turns
 41016 | Elf:2    | Paralysed by an air elemental for 1 turns
 41022 | Elf:2    | Paralysed by an air elemental for 1 turns
 41085 | Elf:2    | Got the Cyclopedia of the Tempest
 41585 | Elf:3    | Entered Level 3 of the Elven Halls
 41724 | Elf:3    | Reached XP level 20. HP: 75/134 MP: 24/29
 42355 | Elf:3    | Identified the ring of Udaociv {rC+ Will+ Int-5 Dex+5}
 42428 | Elf:3    | Identified the +6 trident "Tatoim" {drain, rCorr Int+2}
 42445 | Abyss:2  | Found a corrupted altar of Lugonu.
 42445 | Abyss:2  | Cast into level 2 of the Abyss (a deep elf sorcerer)
 42487 | Abyss:2  | Found a corrupted altar of Lugonu.
 42520 | Abyss:2  | Found a corrupted altar of Lugonu.
 42554 | Abyss:2  | Found a corrupted altar of Lugonu.
 42576 | Abyss:2  | Paralysed by accursed screaming for 1 turns
 42704 | Abyss:2  | Noticed a hellephant
 42734 | Abyss:2  | Killed a hellephant
 42824 | Elf:3    | Escaped the Abyss
 42883 | Elf:3    | Identified the +8 war axe "Uvvauhao" {freeze, rCorr Str+9
                  | Dex-5}
 42907 | Elf:3    | Got Poitaom's Precepts of Shifting Causimancy
 42954 | Elf:3    | Identified the +1 chain mail of Ignis {rC+ Slay+2}
 42971 | Elf:3    | Identified the +4 rapier of Ymioh {antimagic, Fly}
 42972 | Elf:3    | Identified the +2 falchion of Red Wine {protect, Int+3}
 42974 | Elf:3    | Identified the staff of cold "Ahouv" {rF+ rC+ Dex+2 Stlth+}
 43353 | Elf:3    | Identified the +7 hand axe "Beetleslayer" {spect, rF+}
 43593 | Vaults:1 | Entered Level 1 of the Vaults
 44120 | Vaults:1 | Found Neal's Armour Shoppe.
 44186 | Vaults:1 | Found a huge runed gate.
 44186 | Vaults:1 | Found a huge runed gate.
 44186 | Vaults:1 | Found a huge runed gate.
 44186 | Vaults:1 | Found a huge runed gate.
 44186 | Vaults:1 | Found a huge runed gate.
 44186 | Vaults:1 | Found a huge runed gate.
 44187 | Vaults:1 | Found a huge runed gate.
 44187 | Vaults:1 | Found a huge runed gate.
 44187 | Vaults:1 | Found a huge runed gate.
 44187 | Vaults:1 | Found a huge runed gate.
 44191 | Vaults:1 | Found a huge runed gate.
 44191 | Vaults:1 | Found a huge runed gate.
 44191 | Vaults:1 | Found a huge runed gate.
 44191 | Vaults:1 | Found a huge runed gate.
 44191 | Vaults:1 | Found a huge runed gate.
 44191 | Vaults:1 | Found a huge runed gate.
 44192 | Vaults:1 | Found a huge runed gate.
 44193 | Vaults:1 | Found a huge runed gate.
 44194 | Vaults:1 | Found a huge runed gate.
 44203 | Vaults:1 | Found a huge runed gate.
 44203 | Vaults:1 | Found a huge runed gate.
 44203 | Vaults:1 | Found a huge runed gate.
 44203 | Vaults:1 | Found a huge runed gate.
 44203 | Vaults:1 | Found a huge runed gate.
 44236 | Vaults:1 | Found a huge runed gate.
 44236 | Vaults:1 | Found a huge runed gate.
 44237 | Vaults:1 | Found a huge runed gate.
 44238 | Vaults:1 | Found a huge runed gate.
 44246 | Vaults:1 | Found a huge runed gate.
 44246 | Vaults:1 | Found a huge runed gate.
 44246 | Vaults:1 | Found a huge runed gate.
 44246 | Vaults:1 | Found a huge runed gate.
 44246 | Vaults:1 | Found a huge runed gate.
 44246 | Vaults:1 | Found a huge runed gate.
 44247 | Vaults:1 | Found a huge runed gate.
 44329 | Vaults:1 | Found a huge runed gate.
 44723 | Vaults:1 | Found the +8 Vampire's Tooth {megavamp}
 44934 | Vaults:1 | Got the Book of Toxicants
 45099 | Vaults:2 | Reached XP level 21. HP: 117/140 MP: 32/32
 45986 | Vaults:2 | Found the dreamshard necklace {*Dream Drain}
 46041 | Vaults:2 | Reached skill level 15 in Invocations
 46646 | Vaults:2 | Identified the +2 pair of boots of the Stag {Str+5}
 46932 | Vaults:3 | You are sucked into a shaft and drop 1 floor!
 46950 | Vaults:4 | Paralysed by a sphinx for 5 turns
 47954 | Vaults:3 | Found a staircase to the Crypt.
 47996 | Vaults:3 | Reached XP level 22. HP: 148/148 MP: 32/33
 48815 | Vaults:3 | Found Jowuh's Assorted Antiques.
 48823 | Vaults:3 | Bought a scroll of acquirement for 1924 gold pieces
 48823 | Vaults:3 | Acquired the +5 morningstar of Strategic Superiority
                  | {freeze, *Noise Str+8}
 49914 | Vaults:4 | Identified the +2 kite shield "Kuivapsoury" {Fly rPois
                  | Will- rCorr}
 50080 | Crypt:1  | Entered Level 1 of the Crypt
 50505 | Crypt:1  | Found a transporter.
 50543 | Crypt:1  | Reached skill level 15 in Armour
 50608 | Crypt:1  | Found a transporter.
 50824 | Crypt:1  | Noticed a dread lich
 50827 | Crypt:1  | Noticed an ancient lich
 50834 | Crypt:1  | Gained mutation: You sometimes lose your temper in combat.
                  | [a cacodemon]
 50837 | Crypt:1  | Killed an ancient lich
 50838 | Crypt:1  | Killed a dread lich
 50843 | Crypt:1  | Gained mutation: Your spells are a little harder to cast,
                  | but a little more powerful. [a cacodemon]
 50914 | Crypt:1  | Identified the ring "Vuurasev" {Wiz Int+4}
 50923 | Crypt:1  | Identified the ring of Parr {rF+ Str+3 Int+3 Dex-5}
 51401 | Snake:4  | Bought a serpentine golden ring for 210 gold pieces
 51401 | Snake:4  | Identified the ring "Ewuheul" {rCorr Dex+4} (You bought it
                  | in a shop on level 4 of the Snake Pit)
 51401 | Snake:4  | Bought a potion of heal wounds for 210 gold pieces
 51857 | Crypt:2  | Identified the +3 leather armour "Camomag" {Rampage Fly
                  | Str+4 Stlth+}
 51877 | Crypt:2  | Identified the ring "Jaquun" {Ice rPois Int+2 Stlth+}
 51877 | Crypt:2  | Noticed Josephina
 51878 | Crypt:2  | Reached XP level 23. HP: 155/155 MP: 35/35
 51888 | Crypt:2  | Killed Josephina
 52282 | Crypt:2  | Noticed Vv
 52305 | Crypt:2  | Killed Vv
 52857 | Crypt:3  | Entered Level 3 of the Crypt
 52867 | Crypt:3  | Found a runed translucent door.
 52867 | Crypt:3  | Noticed Ciwiv's ghost (veteran FoFi)
 52925 | Crypt:3  | Killed Ciwiv's ghost
 53395 | Crypt:3  | Found an ancient bone altar of Kikubaaqudgha.
 53436 | Crypt:3  | Identified the +6 scale mail of the Evening {rPois Int-4
                  | Dex-5 Stlth+}
 53536 | Crypt:3  | Noticed a royal mummy
 53559 | Crypt:3  | Killed a royal mummy
 53780 | Crypt:3  | Found a staircase to the Tomb.
 54389 | Crypt:3  | Found the +8 demon blade "Leech" {evervamp, Harm Drain rN+}
 54783 | D:15     | Entered Level 15 of the Dungeon
 54887 | D:15     | Found a gate leading to a gauntlet.
 54897 | Gauntlet | Entered a Gauntlet
 54897 | Gauntlet | Found a large runed translucent door.
 54897 | Gauntlet | Found a large runed translucent door.
 54897 | Gauntlet | Found a large runed translucent door.
 54897 | Gauntlet | Found a large runed translucent door.
 54897 | Gauntlet | Found a large runed translucent door.
 54897 | Gauntlet | Found a large runed translucent door.
 54897 | Gauntlet | Found a large runed translucent door.
 54897 | Gauntlet | Found a large runed translucent door.
 54897 | Gauntlet | Found a runed translucent door.
 54897 | Gauntlet | Found a runed translucent gate.
 54897 | Gauntlet | Found a transporter.
 54897 | Gauntlet | Found a transporter.
 54897 | Gauntlet | Found a runed translucent gate.
 54897 | Gauntlet | Found a transporter.
 54954 | Gauntlet | Found a transporter.
 54954 | Gauntlet | Found a transporter.
 54955 | Gauntlet | Found a runed translucent gate.
 54955 | Gauntlet | Found a runed translucent door.
 54964 | Gauntlet | Found a transporter.
 54968 | Gauntlet | Found a transporter.
 54980 | Gauntlet | Found a transporter.
 55025 | Gauntlet | Found a large runed translucent door.
 55025 | Gauntlet | Found a large runed translucent door.
 55026 | Gauntlet | Found a large runed translucent door.
 55027 | Gauntlet | Found a large runed translucent door.
 55028 | Gauntlet | Found a large runed translucent door.
 55028 | Gauntlet | Found a large runed translucent door.
 55029 | Gauntlet | Found a large runed translucent door.
 55030 | Gauntlet | Found a large runed translucent door.
 55072 | Gauntlet | Found a transporter.
 55082 | Gauntlet | Found a transporter.
 55084 | Gauntlet | Found a transporter.
 55094 | Gauntlet | Found a transporter.
 55170 | Gauntlet | Got the Almanac of Vicissitude
 55184 | Gauntlet | Identified the +0 helmet of Inviolability {Int+4 Dex-4}
 55233 | Gauntlet | Identified the amulet of Feczaxt {Faith rPois rF- Int-5
                  | Dex+4}
 55407 | D:15     | Found a broken altar of Ashenzari.
 55837 | D:15     | Found a staircase to the Depths.
 56157 | Depths:1 | Entered Level 1 of the Depths
 56576 | Depths:1 | Identified the +9 long sword of Inflation {heavy, +Blink
                  | rF- MP+9 Str+5}
 56640 | Depths:1 | Found Coaqol's Elemental Accessories.
 56727 | Depths:1 | Reached XP level 24. HP: 162/162 MP: 36/36
 57043 | Depths:1 | Found a one-way gateway to a ziggurat.
 57044 | Depths:1 | Paralysed by a floating eye for 4 turns
 57425 | Depths:1 | Found a gateway to Hell.
 57731 | Depths:2 | Noticed a shard shrike
 57731 | Depths:2 | Noticed a shard shrike
 57742 | Depths:2 | Killed a shard shrike
 57744 | Depths:2 | Killed a shard shrike
 58431 | Depths:2 | Found a one-way gate leading to the halls of Pandemonium.
 58513 | Depths:2 | Found Wokkab's Magic Scroll Shop.
 58513 | Depths:2 | Found Seomesh's Assorted Antiques.
 58595 | Depths:2 | Found Vafom's Distillery.
 58595 | Depths:2 | Found Ogurhyl's Distillery.
 58597 | Depths:2 | Bought a scroll of teleportation for 69 gold pieces
 58597 | Depths:2 | Bought a scroll of teleportation for 69 gold pieces
 58597 | Depths:2 | Bought a scroll of teleportation for 69 gold pieces
 58597 | Depths:2 | Bought a scroll of teleportation for 69 gold pieces
 58597 | Depths:2 | Bought a scroll of fog for 92 gold pieces
 58614 | Depths:2 | Bought a potion of lignification for 120 gold pieces
 58614 | Depths:2 | Bought a potion of haste for 400 gold pieces
 58614 | Depths:2 | Bought a scroll of butterflies for 160 gold pieces
 58618 | Depths:2 | Found Fet Dirch's Weapon Boutique.
 58618 | Depths:2 | Found Fuon's Weapon Shop.
 58620 | Depths:2 | Bought a potion of haste for 210 gold pieces
 58639 | Depths:2 | Bought a potion of heal wounds for 100 gold pieces
 59310 | Depths:3 | Found a one-way gate to the infinite horrors of the Abyss.
 59310 | Depths:3 | Noticed Louise
 59320 | Depths:3 | Killed Louise
 59537 | Depths:3 | Found Cuycham's Antique Weapon Shop.
 59726 | Depths:3 | Noticed a caustic shrike
 59741 | Depths:3 | Killed a caustic shrike
 60239 | Depths:4 | Entered Level 4 of the Depths
 60300 | Depths:4 | Found a white marble altar of Elyvilon.
 61021 | Depths:4 | Found a gate to the Realm of Zot.
 61138 | Depths:4 | Reached XP level 25. HP: 145/169 MP: 36/36
 61255 | Depths:4 | Found an ancient bone altar of Kikubaaqudgha.
 61266 | Depths:4 | Identified the +9 quarterstaff "Iguner" {flame, rN+ MP+9}
 61865 | Vaults:5 | Entered Level 5 of the Vaults
 61992 | Vaults:5 | Noticed Jory
 62002 | Vaults:5 | Killed Jory
 62209 | Vaults:5 | Noticed Mennas
 62265 | Vaults:5 | Killed Mennas
 62278 | Vaults:5 | Noticed Boris
 62291 | Vaults:5 | Killed Boris
 62347 | Vaults:5 | Reached XP level 26. HP: 177/177 MP: 37/37
 62530 | Vaults:5 | Identified the +6 mace of Xemir {spect, Fragile rPois
                  | Str+3}
 63007 | Vaults:5 | Identified the +3 whip of a Thousand Knives {elec, Contam
                  | Fly Str+8 Int-4}
 63096 | Vaults:5 | Got a silver rune of Zot
 63098 | Vaults:5 | Identified the +6 hand axe "Etywnyo" {heavy, rC+ Will+
                  | Stlth+}
 63256 | Vaults:5 | Got the Directory of the Inferno
 63650 | Depths:3 | Voluntarily entered the Abyss.
 63794 | Abyss:3  | Found a corrupted altar of Lugonu.
 63816 | Abyss:3  | Found a corrupted altar of Lugonu.
 63834 | Abyss:3  | Found a corrupted altar of Lugonu.
 63896 | Abyss:3  | Found a corrupted altar of Lugonu.
 63973 | Abyss:3  | Found a bloodstained altar of Trog.
 63996 | Abyss:3  | Noticed an ancient lich
 64007 | Abyss:3  | Killed an ancient lich
 64382 | Abyss:5  | Got an abyssal rune of Zot
 64400 | Depths:3 | Escaped the Abyss
 64499 | Hell     | Entered the Vestibule of Hell
 64499 | Hell     | Noticed Geryon
 64531 | Hell     | Killed Geryon
 64692 | Hell     | Found a gateway to the Iron City of Dis.
 64959 | Hell     | Found a gateway to the ashen valley of Gehenna.
 65039 | Hell     | Found a gateway to the decaying netherworld of Tartarus.
 65104 | Hell     | Found a gateway to the freezing wastes of Cocytus.
 65241 | Zot:1    | Entered Level 1 of the Realm of Zot
 65848 | Zot:1    | Reached XP level 27. HP: 175/183 MP: 38/38
 67067 | Vaults:5 | Identified a +5 broad axe of holy wrath (a +3 broad axe of
                  | electrocution blessed by the Shining One)
 67067 | Vaults:5 | Received a gift from the Shining One
 67428 | Geh:1    | Entered Level 1 of Gehenna
 67432 | Geh:1    | Found a runed translucent gate.
 67432 | Geh:1    | Found a runed translucent gate.
 67434 | Geh:1    | Found a runed translucent gate.
 67478 | Geh:1    | Found a runed translucent gate.
 67481 | Geh:1    | Found a runed translucent gate.
 67482 | Geh:1    | Found a runed translucent gate.
 67482 | Geh:1    | Found a runed translucent gate.
 67483 | Geh:1    | Found a runed translucent gate.
 67483 | Geh:1    | Found a runed translucent gate.
 67483 | Geh:1    | Found a runed translucent gate.
 67483 | Geh:1    | Found a runed translucent gate.
 67483 | Geh:1    | Found a runed translucent gate.
 67606 | Geh:1    | Reached skill level 1 in Axes
 68048 | Geh:2    | You are sucked into a shaft and drop 1 floor!
 68048 | Geh:3    | Noticed a dread lich
 68063 | Geh:3    | Killed a dread lich
 69117 | Geh:6    | Noticed a dread lich
 69131 | Geh:6    | Killed a dread lich
 69580 | Geh:7    | Entered Level 7 of Gehenna
 69620 | Coc:1    | Entered Level 1 of Cocytus
 70114 | Coc:2    | Reached skill level 5 in Axes
 71278 | Coc:4    | Noticed a dread lich
 71296 | Coc:4    | Killed a dread lich
 71299 | Coc:4    | Paralysed by a wendigo for 1 turns
 71861 | Coc:6    | Paralysed by a wendigo for 1 turns
 71870 | Coc:6    | Paralysed by a wendigo for 1 turns
 71886 | Coc:6    | Paralysed by a wendigo for 1 turns
 71892 | Coc:6    | Paralysed by a wendigo for 1 turns
 72144 | Coc:7    | Entered Level 7 of Cocytus
 72270 | Coc:7    | Paralysed by a wendigo for 1 turns
 72456 | Tar:1    | Entered Level 1 of Tartarus
 73551 | Tar:5    | Lost intelligence.
 74262 | Tar:7    | Entered Level 7 of Tartarus
 74507 | Tar:7    | Reached skill level 27 in Shields
 74935 | Tar:7    | Noticed an ancient lich
 74935 | Tar:7    | Noticed an ancient lich
 74935 | Tar:7    | Noticed a dread lich
 74940 | Tar:7    | Killed an ancient lich
 74945 | Tar:7    | Killed a dread lich
 74950 | Tar:7    | Killed an ancient lich
 75012 | Tar:7    | Got the Book of Coordinates and the Blaze
 75043 | Tar:7    | Identified the ring of Amorality {rPois rN+ Int-2 Dex+6
                  | Stlth+}
 75049 | Tar:7    | Identified the +0 buckler "Imocatimp" {rElec Regen+ Str+5
                  | Int-5}
 75192 | Tar:7    | Reached skill level 1 in Evocations
 75250 | Tar:7    | Reached skill level 10 in Axes
 75391 | Tar:7    | Identified the +4 plate armour of Laetz {-Cast Str+7
                  | Stlth+}
 75588 | Tar:7    | Noticed Ereshkigal
 75590 | Tar:7    | Paralysed by Ereshkigal for 2 turns
 75609 | Tar:7    | Killed Ereshkigal
 75642 | Tar:7    | Got a bone rune of Zot
 75882 | Pan      | Entered Pandemonium
 76034 | Pan      | Noticed Venefeag the pandemonium lord
 76048 | Pan      | Killed Venefeag the pandemonium lord
 76284 | Pan      | Gained mutation: You do not regenerate when monsters are
                  | visible. [a neqoxec]
 76297 | Pan      | Gained mutation: Armour fits poorly on your strangely
                  | shaped body. [a neqoxec]
 76755 | Pan      | Reached skill level 15 in Axes
 76794 | Pan      | Noticed Cesur the pandemonium lord
 76815 | Pan      | Killed Cesur the pandemonium lord
 77396 | Pan      | Gained mutation: You have an uncontrollable temper. [a
                  | cacodemon]
 77972 | Pan      | Noticed Zoblaedgh the pandemonium lord
 77976 | Pan      | Killed Zoblaedgh the pandemonium lord
 79333 | Pan      | Found a basalt altar of Yredelemnul.
 79895 | Pan      | Noticed Feirchaot the pandemonium lord
 79952 | Pan      | Killed Feirchaot the pandemonium lord
 79972 | Pan      | Identified the staff of fire "Fyucycom" {rElec rF+}
 79976 | Pan      | Got a demonic rune of Zot
 80106 | Pan      | Noticed Bodaa the pandemonium lord
 80120 | Pan      | Killed Bodaa the pandemonium lord
 81001 | Pan      | Entered the realm of Cerebov.
 81244 | Pan      | Found the +6 sword of Cerebov {flame}
 81244 | Pan      | Noticed Cerebov
 81536 | Pan      | Killed Cerebov
 81537 | Pan      | Reached skill level 27 in Invocations
 81692 | Pan      | Identified the ring of Zyocadur {rCorr AC+4 Int+4}
 81698 | Pan      | Identified the staff of earth "Gipsorch" {Fragile rC+++
                  | rN++ Int-3}
 81747 | Pan      | Got a fiery rune of Zot
 81854 | Pan      | Identified the ring of the Original Sin {Wiz Int+3}
 81861 | Pan      | Identified the +0 short sword of Action {heavy, rPois}
 82793 | Pan      | Found an exit through the horrors of the Abyss.
 83124 | Pan      | Gained mutation: You are weak. (Str -2) [a cacodemon]
 83128 | Pan      | Noticed Xudus the pandemonium lord
 83141 | Pan      | Killed Xudus the pandemonium lord
 83242 | Pan      | Entered the realm of Lom Lobon.
 83495 | Pan      | Noticed Lom Lobon
 84228 | Pan      | Found an exit through the horrors of the Abyss.
 84717 | Pan      | Killed Lom Lobon
 84745 | Pan      | Got a magical rune of Zot
 85010 | Pan      | Found an exit through the horrors of the Abyss.
 85039 | Pan      | Entered the realm of Mnoleg.
 85066 | Pan      | Gained mutation: Your body sometimes deteriorates upon
                  | taking damage. [a neqoxec]
 85115 | Pan      | Reached skill level 10 in Dodging
 85116 | Pan      | Gained mutation: You occasionally lose the ability to drink
                  | potions when taking damage. [a cacodemon]
 85127 | Pan      | Lost intelligence.
 85127 | Pan      | Gained mutation: You are very weak. (Str -4) [a neqoxec]
 85129 | Pan      | Gained mutation: You have hidden genetic defects. [a
                  | cacodemon]
 85129 | Pan      | Gained mutation: Your magical capacity is low. (-10% MP) [a
                  | neqoxec]
 85130 | Pan      | Lost mutation: Armour fits poorly on your strangely shaped
                  | body. [a neqoxec]
 85133 | Pan      | Gained mutation: Your magical capacity is very low. (-20%
                  | MP) [a neqoxec]
 85154 | Pan      | Noticed Mnoleg
 85154 | Pan      | Gained mutation: You are dopey. (Int -2) [a shining eye]
 85155 | Pan      | Gained mutation: Armour fits poorly on your strangely
                  | shaped body. [a shining eye]
 85180 | Pan      | Killed Mnoleg
 85181 | Pan      | Reached skill level 27 in Fighting
 85190 | Pan      | Gained mutation: You are vulnerable to cold. (rC-) [a
                  | cacodemon]
 85192 | Pan      | Gained mutation: You are very dopey. (Int -4) [a cacodemon]
 85192 | Pan      | Gained mutation: Your magical capacity is extremely low.
                  | (-30% MP) [a cacodemon]
 85219 | Pan      | Lost mutation: Your spells are a little harder to cast, but
                  | a little more powerful. [a cacodemon]
 85219 | Pan      | Gained mutation: You are clumsy. (Dex -2) [a cacodemon]
 85310 | Pan      | Acquired a manual of Dodging
 85311 | Pan      | Acquired 659 gold pieces
 85312 | Pan      | Acquired the +9 eveningstar "Worm" {flame, *Slow rF+ Will+
                  | Int+4}
 85333 | Pan      | Gained mutation: Your spells are a little easier to cast,
                  | but a little less powerful. [a cacodemon]
 85631 | Pan      | Found an exit through the horrors of the Abyss.
 85902 | Pan      | Identified the staff of death "Minul" {rC+ rN+ Dex+4}
 85941 | Pan      | Got a glowing rune of Zot
 86060 | Pan      | Gained mutation: Your spells are easier to cast, but less
                  | powerful. [a cacodemon]
 86066 | Pan      | Gained mutation: You are very vulnerable to cold. (rC--)
                  | [hidden defects]
 86327 | Pan      | Found a runed translucent door.
 86487 | Pan      | Entered the realm of Gloorx Vloq.
 86738 | Pan      | Noticed Gloorx Vloq
 86750 | Pan      | Killed Gloorx Vloq
 86755 | Pan      | Got a dark rune of Zot
 86760 | Pan      | Gained mutation: You are very clumsy. (Dex -4) [hidden
                  | defects]
 86760 | Pan      | Lost mutation: You have hidden genetic defects. [hidden
                  | defects expressed]
 86903 | Pan      | Acquired 1075 gold pieces
 87423 | Pan      | Noticed Cuutel the pandemonium lord
 87433 | Pan      | Killed Cuutel the pandemonium lord
 88274 | Pan      | Found an exit through the horrors of the Abyss.
 88399 | Pan      | Took an exit into the Abyss.
 88399 | Abyss:5  | Escaped into the Abyss
 88497 | Depths:2 | Escaped the Abyss
 88743 | Slime:1  | Entered Level 1 of the Pits of Slime
 89652 | Slime:2  | Gained mutation: You have hidden genetic defects. [a
                  | shining eye]
 89901 | Slime:3  | Gained mutation: You occasionally shout uncontrollably at
                  | your foes. [a shining eye]
 89902 | Slime:3  | Lost mutation: Your magical capacity is extremely low.
                  | (-30% MP) [a shining eye]
 90646 | Slime:3  | Gained mutation: Your magical capacity is extremely low.
                  | (-30% MP) [a shining eye]
 90648 | Slime:3  | Gained mutation: You occasionally lose the ability to read
                  | scrolls when taking damage. [a shining eye]
 90657 | Slime:3  | Gained mutation: You have terrible hidden genetic defects.
                  | [a shining eye]
 90699 | Slime:5  | Entered Level 5 of the Pits of Slime
 90733 | Slime:4  | Gained mutation: You frequently scream uncontrollably at
                  | your foes. [a shining eye]
 90739 | Slime:4  | Gained mutation: Your body often deteriorates upon taking
                  | damage. [a shining eye]
 90740 | Slime:4  | Gained mutation: You are frail. (-10% HP) [a shining eye]
 90740 | Slime:4  | Gained mutation: You are extremely vulnerable to cold.
                  | (rC---) [a shining eye]
 90741 | Slime:4  | Gained mutation: You are very frail. (-20% HP) [a shining
                  | eye]
 90742 | Slime:4  | Gained mutation: You are occasionally teleported next to
                  | monsters. [a shining eye]
 90779 | Slime:4  | Paralysed by a floating eye for 3 turns
 90781 | Slime:4  | Gained mutation: You are vulnerable to heat. (rF-) [a
                  | shining eye]
 90783 | Slime:4  | Gained mutation: Your spells are much easier to cast, but
                  | much less powerful. [a shining eye]
 90796 | Slime:4  | Paralysed by a floating eye for 3 turns
 91173 | Slime:3  | Found a viscous altar of Jiyva.
 91350 | Slime:5  | Noticed the Royal Jelly
 91414 | Slime:5  | Killed the Royal Jelly
 91432 | Slime:3  | Gained mutation: You are extremely frail. (-30% HP) [hidden
                  | defects]
 91688 | Slime:5  | Identified the +5 flail of Rorchuga {flame, rF+}
 91693 | Slime:5  | Got a slimy rune of Zot
 91713 | Slime:5  | Identified the +4 plate armour "Symuuruc" {rElec rPois rC-
                  | Int+3}
 91730 | Slime:5  | Identified the +3 chain mail of Demons {rF+}
 91748 | Slime:5  | Identified the +7 hand axe of Ibimap {freeze, Will+ Dex+3}
 91785 | Slime:5  | Identified the staff of earth "Toaps" {Fragile rC+++ Will+
                  | rCorr}
 92304 | Depths:2 | Bought a potion of experience for 1000 gold pieces
 92307 | Depths:2 | Bought a potion of mutation for 160 gold pieces
 92313 | Depths:2 | Bought 2 potions of mutation for 336 gold pieces
 92313 | Depths:2 | Bought a potion of lignification for 63 gold pieces
 92313 | Depths:2 | Bought a potion of mutation for 168 gold pieces
 92313 | Depths:2 | Bought a potion of lignification for 63 gold pieces
 92313 | Depths:2 | Bought 2 potions of haste for 420 gold pieces
 92313 | Depths:2 | Bought a potion of attraction for 63 gold pieces
 92316 | Depths:2 | Lost mutation: You occasionally lose the ability to read
                  | scrolls when taking damage. [potion of mutation]
 92316 | Depths:2 | Lost mutation: You are vulnerable to heat. (rF-) [potion of
                  | mutation]
 92316 | Depths:2 | Lost mutation: You are extremely vulnerable to cold.
                  | (rC---) [potion of mutation]
 92316 | Depths:2 | Lost mutation: You are extremely frail. (-30% HP) [potion
                  | of mutation]
 92316 | Depths:2 | Gained mutation: You have large cloven feet. [potion of
                  | mutation]
 92317 | Depths:2 | Lost mutation: You are very clumsy. (Dex -4) [potion of
                  | mutation]
 92317 | Depths:2 | Lost mutation: You have large cloven feet. [potion of
                  | mutation]
 92317 | Depths:2 | Lost mutation: You are very frail. (-20% HP) [potion of
                  | mutation]
 92317 | Depths:2 | Lost mutation: You are clumsy. (Dex -2) [potion of
                  | mutation]
 92318 | Depths:2 | Lost mutation: You have an uncontrollable temper. [potion
                  | of mutation]
 92318 | Depths:2 | Lost mutation: You are occasionally teleported next to
                  | monsters. [potion of mutation]
 92318 | Depths:2 | Gained mutation: You have a beak for a mouth. [potion of
                  | mutation]
 92319 | Depths:2 | Lost mutation: You do not regenerate when monsters are
                  | visible. [potion of mutation]
 92319 | Depths:2 | Lost mutation: Your body often deteriorates upon taking
                  | damage. [potion of mutation]
 92319 | Depths:2 | Lost mutation: You are very weak. (Str -4) [potion of
                  | mutation]
 92319 | Depths:2 | Lost mutation: You are very dopey. (Int -4) [potion of
                  | mutation]
 92320 | Depths:2 | Lost mutation: You have terrible hidden genetic defects.
                  | [potion of mutation]
 92320 | Depths:2 | Lost mutation: You are weak. (Str -2) [potion of mutation]
 92320 | Depths:2 | Lost mutation: You sometimes lose your temper in combat.
                  | [potion of mutation]
 92320 | Depths:2 | Lost mutation: Your body sometimes deteriorates upon taking
                  | damage. [potion of mutation]
 92321 | Depths:2 | Lost mutation: You have hidden genetic defects. [potion of
                  | mutation]
 92321 | Depths:2 | Lost mutation: You are dopey. (Int -2) [potion of mutation]
 92321 | Depths:2 | Lost mutation: You are very vulnerable to cold. (rC--)
                  | [potion of mutation]
 92321 | Depths:2 | Lost mutation: You are vulnerable to cold. (rC-) [potion of
                  | mutation]
 92398 | Depths:2 | Lost mutation: Your magical capacity is extremely low.
                  | (-30% MP) [potion of mutation]
 92398 | Depths:2 | Lost mutation: You occasionally lose the ability to drink
                  | potions when taking damage. [potion of mutation]
 92398 | Depths:2 | Lost mutation: Your magical capacity is very low. (-20% MP)
                  | [potion of mutation]
 92505 | Dis:1    | Entered Level 1 of the Iron City of Dis
 92505 | Dis:1    | Found a huge runed gate.
 92505 | Dis:1    | Found a huge runed gate.
 92505 | Dis:1    | Found a huge runed gate.
 92505 | Dis:1    | Found a huge runed gate.
 92524 | Dis:1    | Found a huge runed gate.
 92524 | Dis:1    | Found a huge runed gate.
 92524 | Dis:1    | Found a huge runed gate.
 92536 | Dis:1    | Found a huge runed gate.
 92536 | Dis:1    | Found a huge runed gate.
 92537 | Dis:1    | Found a huge runed gate.
 92546 | Dis:1    | Found a huge runed gate.
 92655 | Dis:1    | Found a huge runed gate.
 92662 | Dis:1    | Found a huge runed gate.
 92675 | Dis:1    | Found a huge runed gate.
 92675 | Dis:1    | Found a huge runed gate.
 92682 | Dis:1    | Found a huge runed gate.
 92682 | Dis:1    | Found a huge runed gate.
 92682 | Dis:1    | Found a huge runed gate.
 92682 | Dis:1    | Found a huge runed gate.
 92682 | Dis:1    | Found a huge runed gate.
 92682 | Dis:1    | Found a huge runed gate.
 92683 | Dis:1    | Found a huge runed gate.
 92684 | Dis:1    | Found a huge runed gate.
 92685 | Dis:1    | Found a huge runed gate.
 92700 | Dis:1    | Found a huge runed gate.
 92700 | Dis:1    | Found a huge runed gate.
 92700 | Dis:1    | Found a huge runed gate.
 92700 | Dis:1    | Found a huge runed gate.
 92700 | Dis:1    | Found a huge runed gate.
 92700 | Dis:1    | Found a huge runed gate.
 92701 | Dis:1    | Found a huge runed gate.
 92702 | Dis:1    | Found a huge runed gate.
 92703 | Dis:1    | Found a huge runed gate.
 92711 | Dis:1    | Found a huge runed gate.
 92711 | Dis:1    | Found a huge runed gate.
 92711 | Dis:1    | Found a huge runed gate.
 93487 | Dis:4    | Reached skill level 5 in Evocations
 93556 | Dis:4    | Lost mutation: You have a beak for a mouth. [potion of
                  | mutation]
 93556 | Dis:4    | Lost mutation: You are frail. (-10% HP) [potion of
                  | mutation]
 93556 | Dis:4    | Gained mutation: You possess an exceptional clarity of
                  | mind. [potion of mutation]
 93556 | Dis:4    | Gained mutation: Your skin changes colour to match your
                  | surroundings (Stealth+). [potion of mutation]
 94078 | Dis:5    | The Shining One protects you from harm!
 95064 | Dis:7    | Entered Level 7 of the Iron City of Dis
 96655 | Dis:7    | Noticed the Serpent of Hell
 96671 | Dis:7    | Killed the Serpent of Hell
 96677 | Dis:7    | Reached skill level 15 in Dodging
 97599 | Dis:7    | Noticed a juggernaut
 97671 | Dis:7    | Noticed Dispater
 97675 | Dis:7    | Noticed a juggernaut
 97687 | Dis:7    | Killed a juggernaut
 97709 | Dis:7    | Killed Dispater
 97710 | Dis:7    | Reached skill level 27 in Armour
 98068 | Dis:7    | Identified the ring of Myuwk {Will+ Int+5 Dex+2}
 98084 | Dis:7    | Got an iron rune of Zot
 98085 | Dis:7    | Identified the ring of Tuiwaodd {rC+ rN+ Str+4}
 98111 | Dis:7    | Identified the +2 hand axe of Accord {drain, rF+++ rN+++
                  | rCorr Stlth-}
 98601 | Dis:7    | Killed a juggernaut
 98783 | Dis:7    | Identified the +0 leather armour "Jihob" {Str+3}
 98955 | Depths:3 | Voluntarily entered the Abyss.
 99096 | Abyss:5  | Reached skill level 1 in Conjurations
 99098 | Abyss:5  | Noticed an ancient lich
 99107 | Abyss:5  | Killed an ancient lich
 99144 | Abyss:5  | Reached skill level 1 in Long Blades
 99157 | Abyss:5  | Reached skill level 1 in Summonings
 99203 | Abyss:5  | Paralysed by accursed screaming for 1 turns
 99220 | Abyss:5  | Reached skill level 1 in Translocations
 99233 | Depths:3 | Escaped the Abyss
 99772 | Geh:7    | Reached skill level 1 in Necromancy
 99986 | Geh:7    | Reached skill level 1 in Hexes
100395 | Geh:7    | Reached skill level 1 in Short Blades
100395 | Geh:7    | Reached skill level 10 in Evocations
100408 | Geh:7    | Reached skill level 1 in Ranged Weapons
100631 | Geh:7    | Reached skill level 1 in Transmutations
101101 | Geh:7    | Identified the +9 dagger "Goblinslayer" {freeze, +Blink
                  | Will+ Int+4}
101159 | Geh:7    | Found the +13 sceptre of Asmodeus
101159 | Geh:7    | Noticed Asmodeus
101173 | Geh:7    | Killed Asmodeus
101187 | Geh:7    | Identified the +8 dagger of Somewhere Else {freeze, Dex+5}
101193 | Geh:7    | Reached skill level 1 in Air Magic
101255 | Geh:7    | Identified the staff of cold "Iraumo" {rC+ rN+ Will- Str+5}
101331 | Geh:7    | Got an obsidian rune of Zot
101674 | Coc:7    | Paralysed by a wendigo for 1 turns
101675 | Coc:7    | Reached skill level 1 in Poison Magic
101811 | Coc:7    | Paralysed by a wendigo for 1 turns
101815 | Coc:7    | Paralysed by a wendigo for 1 turns
102306 | Coc:7    | Paralysed by a wendigo for 1 turns
102316 | Coc:7    | Reached skill level 1 in Earth Magic
102393 | Coc:7    | Paralysed by a wendigo for 1 turns
102403 | Coc:7    | Paralysed by a wendigo for 1 turns
102558 | Coc:7    | Paralysed by a wendigo for 1 turns
102572 | Coc:7    | Paralysed by a wendigo for 1 turns
102701 | Coc:7    | Noticed Antaeus
102837 | Coc:7    | Killed Antaeus
103012 | Coc:7    | Got an icy rune of Zot
103069 | Coc:7    | Identified the +8 battleaxe of Contention {flame, SInv}
103070 | Coc:7    | Identified the staff of air "Yhuac Sae" {rElec Will- Str+6}
103075 | Coc:7    | Identified the +1 leather armour "Ytiymes" {rElec Dex+4}
103093 | Coc:7    | Identified the +5 scale mail "Visuy" {Stlth+}
103540 | Tomb:1   | Entered Level 1 of the Tomb of the Ancients
103601 | Tomb:1   | Reached skill level 1 in Ice Magic
103859 | Tomb:1   | Noticed a royal mummy
103862 | Tomb:1   | Noticed a royal mummy
103872 | Tomb:1   | Killed a royal mummy
103873 | Tomb:1   | Reached skill level 1 in Fire Magic
103876 | Tomb:1   | Killed a royal mummy
104022 | Tomb:1   | Noticed a royal mummy
104033 | Tomb:1   | Killed a royal mummy
104503 | Tomb:2   | Noticed a royal mummy
104503 | Tomb:2   | Noticed a royal mummy
104506 | Tomb:2   | Noticed a royal mummy
104506 | Tomb:2   | Noticed a royal mummy
104506 | Tomb:2   | Noticed a royal mummy
104844 | Tomb:3   | Entered Level 3 of the Tomb of the Ancients
104850 | Tomb:3   | Reached skill level 1 in Spellcasting
104854 | Tomb:3   | Noticed a royal mummy
104855 | Tomb:3   | Noticed a royal mummy
104860 | Tomb:3   | Killed a royal mummy
104863 | Tomb:3   | Noticed a royal mummy
104868 | Tomb:3   | Killed a royal mummy
104869 | Tomb:3   | Noticed a royal mummy
104881 | Tomb:3   | Killed a royal mummy
104891 | Tomb:3   | Killed a royal mummy
105035 | Tomb:3   | Noticed a royal mummy
105035 | Tomb:3   | Noticed a royal mummy
105052 | Tomb:3   | Killed a royal mummy
105057 | Tomb:3   | Killed a royal mummy
105058 | Tomb:3   | Noticed a royal mummy
105066 | Tomb:3   | Killed a royal mummy
105068 | Tomb:3   | Noticed a royal mummy
105080 | Tomb:3   | Killed a royal mummy
105541 | Tomb:3   | Got a golden rune of Zot
105586 | Tomb:3   | Found the +5 scythe "Finisher" {speed, execute}
105621 | Tomb:3   | Identified the +9 great mace of Dissatisfaction {flame, Fly
                  | rElec SInv Stlth+}
105624 | Tomb:3   | Got the Anthology of the Kindled Sixfirhy
105628 | Tomb:3   | Identified the +6 long sword "Imuegh" {elec, rF+}
105630 | Tomb:3   | Identified the +3 rapier "Uciesama" {heavy, rF++ Will+
                  | Int-4 Dex+3}
105635 | Tomb:3   | Identified the ring of Wuhya {Dex+2 SInv}
105671 | Tomb:3   | Identified the ring of Feugunome {rF+ Int+3}
105751 | Tomb:2   | Killed a royal mummy
105751 | Tomb:2   | Killed a royal mummy
105752 | Tomb:2   | Reached skill level 15 in Evocations
105758 | Tomb:2   | Killed a royal mummy
105760 | Tomb:2   | Killed a royal mummy
105768 | Tomb:2   | Killed a royal mummy
106095 | Tomb:1   | Noticed a royal mummy
106095 | Tomb:1   | Noticed a royal mummy
106095 | Tomb:1   | Noticed a royal mummy
106096 | Tomb:1   | Noticed a royal mummy
106101 | Tomb:1   | Noticed a royal mummy
106106 | Tomb:1   | Killed a royal mummy
106112 | Tomb:1   | Killed a royal mummy
106113 | Tomb:1   | Killed a royal mummy
106117 | Tomb:1   | Killed a royal mummy
106118 | Tomb:1   | Killed a royal mummy
106242 | Tomb:1   | Noticed a royal mummy
106253 | Tomb:1   | Killed a royal mummy
106506 | Tomb:1   | Noticed a royal mummy
106525 | Tomb:1   | Killed a royal mummy
106605 | Tomb:1   | Noticed a royal mummy
106605 | Tomb:1   | Noticed a royal mummy
106608 | Tomb:1   | Noticed a royal mummy
106611 | Tomb:1   | Noticed a royal mummy
106613 | Tomb:1   | Killed a royal mummy
106621 | Tomb:1   | Killed a royal mummy
106624 | Tomb:1   | Killed a royal mummy
106625 | Tomb:1   | Killed a royal mummy
107590 | Zot:2    | Found a runed translucent door.
107647 | Zot:2    | Noticed Foeroudum's ghost (master MfBe)
107677 | Zot:2    | Killed Foeroudum's ghost
110675 | Zot:5    | Entered Level 5 of the Realm of Zot
112004 | Zot:5    | Noticed a dread lich
112007 | Zot:5    | Noticed an orb of fire
112017 | Zot:5    | Noticed an orb of fire
112077 | Zot:4    | Killed an orb of fire
112081 | Zot:4    | Gained mutation: You do not regenerate when monsters are
                  | visible. [an orb of fire]
112084 | Zot:4    | Killed an orb of fire
112120 | Zot:5    | Killed a dread lich
112121 | Zot:5    | Noticed a dread lich
112133 | Zot:5    | Noticed an ancient lich
112142 | Zot:4    | Killed a dread lich
112153 | Zot:5    | Noticed an ancient lich
112162 | Zot:4    | Killed an ancient lich
112199 | Zot:4    | Reached skill level 5 in Summonings
112254 | Zot:5    | Killed an ancient lich
112336 | Zot:5    | Noticed a dread lich
112359 | Zot:5    | a Killer Klown changed into a juggernaut
112359 | Zot:5    | Noticed a juggernaut
112363 | Zot:5    | Killed a dread lich
112369 | Zot:5    | Killed a juggernaut
112392 | Zot:5    | a Killer Klown changed into a juggernaut
112392 | Zot:5    | Noticed a juggernaut
112397 | Zot:5    | Killed a juggernaut
112523 | Zot:5    | Noticed an ancient lich
112532 | Zot:5    | Killed an ancient lich
112535 | Zot:5    | Noticed an ancient lich
112546 | Zot:5    | Killed an ancient lich
112606 | Zot:5    | Noticed a dread lich
112612 | Zot:5    | Killed a dread lich
112747 | Zot:5    | Lost mutation: Armour fits poorly on your strangely shaped
                  | body. [potion of mutation]
112747 | Zot:5    | Lost mutation: You frequently scream uncontrollably at your
                  | foes. [potion of mutation]
112747 | Zot:5    | Lost mutation: You do not regenerate when monsters are
                  | visible. [potion of mutation]
112747 | Zot:5    | Lost mutation: You possess an exceptional clarity of mind.
                  | [potion of mutation]
112747 | Zot:5    | Gained mutation: You are weak. (Str -2) [potion of
                  | mutation]
112748 | Zot:5    | Lost mutation: You occasionally shout uncontrollably at
                  | your foes. [potion of mutation]
112748 | Zot:5    | Lost mutation: Your magical capacity is low. (-10% MP)
                  | [potion of mutation]
112748 | Zot:5    | Gained mutation: Your magical capacity is low. (-10% MP)
                  | [potion of mutation]
112748 | Zot:5    | Gained mutation: Your skin blends seamlessly with your
                  | surroundings (Stealth++). [potion of mutation]
112748 | Zot:5    | Gained mutation: You are partially covered in iridescent
                  | scales. (AC +2) [potion of mutation]
112749 | Zot:5    | Lost mutation: Your spells are much easier to cast, but
                  | much less powerful. [potion of mutation]
112749 | Zot:5    | Lost mutation: You are partially covered in iridescent
                  | scales. (AC +2) [potion of mutation]
112749 | Zot:5    | Lost mutation: You are weak. (Str -2) [potion of mutation]
112749 | Zot:5    | Gained mutation: Your mind is acute. (Int +4, Str/Dex -1)
                  | [potion of mutation]
112750 | Zot:5    | Got the Orb of Zot
113034 | Depths:3 | Noticed a seraph
113051 | Depths:2 | Noticed Muta the pandemonium lord
113056 | Depths:2 | Killed Muta the pandemonium lord
113523 | D:$      | Escaped with the Orb!

Illustrated notes

Levels and vault maps discovered:
D:1:      minmay_arrival_open_corners, layout_basic,
          chequers_ecumenical_altar_simple
D:2:      layout_basic, guppyfry_early_orc_mine, uniq_crazy_yiuf_cottage,
          uniq_robin
D:3:      layout_loops_ring, grunt_decor_arrowhead, uniq_jessica
D:4:      layout_loops_ring, gammafunk_ghost_arena,
          nicolae_ea-nasir_strikes_again, minmay_fire_ice_demons,
          uniq_blork_the_orc, uniq_natasha
D:5:      layout_rooms, nicolae_eternal_life, kennysheep_generic_room_2
D:6:      nicolae_BIG_FREAKIN_CUBE, layout_basic,
          grunt_temple_overflow_holy_war, mainiacjoe_overflow_alcove_4,
          kennysheep_little_box, fiery_altar_vehumet, minmay_crystal_room,
          uniq_menkaure, uniq_duvessa
D:7:      layout_basic, zin_academy, temple_pool_b, serial_shops,
          nicolae_shop_back_alley_shop, grunt_ministairs_10,
          minmay_hollow_rounded_squares, uniq_pikel
D:8:      layout_rooms, marbit_many_paths, nicolae_wu_jian_immortal_techniques
D:9:      layout_loops_corners, serial_shops, shop
D:10:     layout_loops_ring, nicolae_ru_path_of_blood, elyvilon_altar_4,
          nicolae_qazlal_style_of_elements, minmay_misc_feat_plants,
          nicolae_concentric_dashed_squares_wild, minmay_misc_feat_tiny
D:11:     layout_roguey, david_lair_generic, hellmonk_ghost_happy_afterlife
D:12:     layout_loops_cross, erik_orc_1
D:13:     gammafunk_boulding_lane, layout_small_grid,
          minmay_checkered_concentric_circles, uniq_urug
D:14:     layout_cave_pods, hangedman_vaults_entry_quadrant_bands,
          chequers_serial_rivers_micro_a
D:15:     hangedman_depths_entry_try_elsewhere_first, layout_layer_cave,
          gauntlet_entry_generic, ashenzari_conservatory_becter
Lair:1:   layout_chaotic_city
Lair:2:   layout_loops_ring, minmay_snake_entry_guardpost_small
Lair:3:   layout_concentric_octagons, nicolae_swamp_entry_splash_gauntlet, pond
Lair:4:   gammafunk_lair_enchanted_lake, layout_long_grid,
          minmay_slime_entry_jelly_boxes, serial_bayou_shore_a,
          grunt_megastairs_5, lemuel_fruit_tree
Lair:5:   minmay_lair_end_enchanted_forest, layout_long_grid,
          grunt_forest_small_clearings
Swamp:1:  layout_basic_swamp, evilmike_swamp_ruin_house_4, swamp_pool1
Swamp:2:  layout_basic_swamp, evilmike_swamp_ruin_house_2, uniq_mlioglotl
Swamp:3:  layout_falls_marsh, nicolae_swamp_dense_foliage, swamp_pool5,
          nicolae_swamp_no_escape, uniq_nikola
Swamp:4:  swamp, layout_basic_swamp
Snake:1:  layout_chambers, minmay_shop_star
Snake:2:  layout_onion, serial_shops, nicolae_shop_peninsula,
          grunt_ministairs_2, uniq_aizul, uniq_roxanne
Snake:3:  layout_basic, nicolae_snake_gridmaze_swirls, grunt_ministairs_11,
          serial_bayou_pond_e
Snake:4:  snake_pit, layout_onion, serial_shops, shop, shop,
          nicolae_shop_advertising_works [nicolae_subvault_shop_adworks],
          drop_trap, uniq_saint_roka
Slime:1:  layout_caves
Slime:2:  layout_caves
Slime:3:  layout_caves, basic_altar
Slime:4:  layout_caves, nicolae_slime_getting_an_eyeful
Slime:5
Orc:1:    layout_diamond_mine, minmay_orc_temple_a
Orc:2:    st_orc_rangers, layout_caves, minmay_orc_keep
Elf:1:    elf_arrival_002, layout_geoelf_grid, kennysheep_underground_church,
          einodemon_barbed_minivault, uniq_donald, uniq_jorgrun
Elf:2:    nicolae_elf_blades_splatter_lattice [mumra_blade_entry_bloodbath],
          layout_onion_city, serial_shops, shop, dreamdust_deal_with_the_devil,
          hangedman_research_electronics
Elf:3:    minmay_elf_hall_quartered_circle, layout_rooms
Vaults:1: vaults_dpeg_diagonal, v_misc_19, door_vault,
          nicolae_vaults_frosty_reception, hangedman_vaults_nails,
          nicolae_vaults_storage_room_doors,
          nicolae_vaults_taking_the_gang_shopping, nicolae_vaults_two_Ls,
          layout_vaults_omnicross
Vaults:2: nicolae_vaults_branching_niches, grunt_vaults_bifocal,
          nicolae_vaults_offset_grid_hallway_2, nicolae_vaults_sesquioval_fish,
          grunt_vaults_focal, hangedman_vaults_locks,
          nicolae_vaults_specimen_jars, nicolae_vaults_tetromino_T_1,
          vaults_room_hallway, nicolae_vaults_tetromino_Z_2,
          nicolae_vaults_mini_display_case, layout_vaults_omnibox
Vaults:3: nicolae_vaults_trapezoid_lopsided_4, minmay_crypt_entry_simple_round,
          v_rooms_5, vaults_dpeg_ring, hangedman_vaults_unwind,
          vaults_room_guarded_vault, nicolae_vaults_turnstiles,
          vaults_room_stairs_pillars, vaults_standard_mumra_x, vaults_mumra_hex,
          vaults_room_hallway, layout_vaults_ring, serial_shops, shop
Vaults:4: nicolae_vaults_apartment_2, v_misc_31, nicolae_vaults_trapezoid_3,
          layout_vaults_omnigrid
Vaults:5: uniq_jory, uniq_mennas, uniq_boris
Crypt:1:  gammafunk_dig_for_victory, layout_regular_city,
          corexii_leaking_fountain
Crypt:2:  layout_misc_corridors, lemuel_elevator, uniq_vv, uniq_josephina
Crypt:3:  church_of_pain_bobbens, layout_chaotic_city, gammafunk_ghost_grave
Tomb:1
Tomb:2
Tomb:3
Depths:1: layout_cross, enter_ziggurat_c, hellmouth_1, minmay_misc_feat_iff,
          kennysheep_pointless_box, grunt_ministairs_6, nicolae_elemental_shop,
          nooodl_orcs_dogs
Depths:2: dreamdust_isle_of_ice, layout_cave_pools, roderic_serpentine_path,
          pf_hell_entry_tar_spiral, rand_demon_pan_entry_8,
          nicolae_shop_national_dungeon_mall
Depths:3: kennysheep_scales, layout_small_grid,
          nicolae_abyss_entry_one_way_or_another, pf_hell_entry_great_geh,
          serial_shops, shop_fountains, infiniplex_staircase_zigzag_2
Depths:4: grunt_zot_entry_tricorne, layout_gridlike, lemuel_round_altar,
          pf_coc_iceberg, nicolae_kikubaaqudgha_miasma_corner
Hell
Dis:1:    layout_regular_city, door_vault
Dis:2:    layout_jigsaw, nicolae_dis_fourth_circle
Dis:3:    layout_subdivisions, nicolae_dis_big_boring_drill
Dis:4:    layout_gridville, nrook_loot_triangle
Dis:5:    layout_jigsaw, lemuel_dis_dragons
Dis:6:    layout_overlapping_boxes
Dis:7:    dis_st
Geh:1:    layout_gehenna_lava_caves, nicolae_geh_backdraft
Geh:2:    layout_gehenna_lava_caves
Geh:3:    layout_gehenna_pools_triple, hangedman_elemental_grid_stream
Geh:4:    layout_gehenna_lava_caves
Geh:5:    layout_gehenna_pools_triple
Geh:6:    layout_gehenna_pools_basic, special_room [special_room_morgue],
          nicolae_geh_lavax
Geh:7:    geh_grunt
Coc:1:    layout_cocytus_water_paths
Coc:2:    layout_ice_bergs
Coc:3:    layout_ice_bergs
Coc:4:    layout_ice_bergs
Coc:5:    layout_cocytus_delve, serial_ice, serial_ice_d
Coc:6:    layout_ice_bergs
Coc:7:    coc_grunt_cove [coc_grunt_cove_antaeus, coc_grunt_cove_fiend,
          coc_grunt_cove_fiend, coc_grunt_cove_fiend, coc_grunt_cove_fiend]
Tar:1:    layout_cathedral_of_symmetry, nicolae_tar_cuneiform_sun
Tar:2:    layout_cathedral_of_symmetry
Tar:3:    nicolae_tar_intersect_combbox, layout_cathedral_of_symmetry,
          nicolae_tar_cuneiform_oil
Tar:4:    layout_grid_maze
Tar:5:    layout_cathedral_of_symmetry
Tar:6:    layout_cathedral_of_symmetry, nicolae_hells_fiendish_ambush
Tar:7:    tar_old
Zot:1:    layout_cathedral_of_symmetry, grunt_megastairs_3
Zot:2:    layout_basic, ebering_ghost_inner_flame, st_single_dragon_hoard_2
Zot:3:    layout_gridlike, hangedman_zot_diagonal_lockstep, grunt_ministairs_10
Zot:4:    layout_concentric_octagons
Zot:5:    layout_basic

Skill      XL: |  1  2  3  4  5  6  7  8  9 10 11 12 13 14 15 16 17 18 19 20 21 22 23 24 25 26 27 |
---------------+----------------------------------------------------------------------------------+-----
Maces & Flails | 3 4 5 7 9 10 12 13 14 15 17 18 19 20 21 22 23 24 25 26 | 26.8
Shields        | 4 5 6 7 8 9 10 11 13 15 16 17 18 19 20 21 22 23 27 | 27.0
Dodging        | 1 2 3 4 5 6 7 8 21 | 21.9
Armour         | 4 5 6 7 8 9 10 11 12 13 14 15 16 27 | 27.0
Fighting       | 4 5 6 7 8 10 11 12 13 14 15 16 17 18 19 20 21 27 | 27.0
Throwing       | 2 4 |  4.1
Invocations    | 1 5 7 9 10 11 13 14 15 17 18 19 20 22 27 | 27.0
Axes           | 23 | 23.2
Evocations     | 19 | 19.4
Conjurations   | 4 |  4.9
Long Blades    | 2 |  2.2
Summonings     | 5 |  5.3
Translocations | 3 |  3.3
Necromancy     | 3 |  3.2
Hexes          | 4 |  4.0
Short Blades   | 2 |  2.3
Ranged Weapons | 2 |  2.5
Transmutations | 4 |  4.0
Air Magic      | 2 |  2.4
Poison Magic   | 3 |  3.0
Earth Magic    | 2 |  2.8
Ice Magic      | 2 |  2.5
Fire Magic     | 3 |  3.1
Spellcasting   | 3 |  3.2

Action                     |  1- 3 |  4- 6 |  7- 9 | 10-12 | 13-15 | 16-18 | 19-21 | 22-24 | 25-27 || total
---------------------------+-------+-------+-------+-------+-------+-------+-------+-------+-------++-------
  Melee: Flail             |   102 |   244 |   186 |       |       |       |       |       |       ||   532
         Whip              |       |       |   213 |   982 |  1303 |       |       |       |       ||  2498
         Unarmed           |       |       |     4 |       |       |       |       |       |       ||     4
         Eveningstar       |       |       |       |       |   813 |  1439 |  1305 |  1739 |  4556 ||  9852
         Broad axe         |       |       |       |       |       |       |       |       |  3310 ||  3310
         Peck              |       |       |       |       |       |       |       |       |   136 ||   136
  Throw: Dart              |       |       |     5 |    14 |       |       |       |       |       ||    19
 Invoke: Cleansing Flame   |       |       |       |       |     2 |     9 |    35 |    31 |   333 ||   410
         Summon Divine War |       |       |       |       |       |     1 |       |       |       ||     1
         Divine Shield     |       |       |       |       |       |       |       |       |     3 ||     3
         Brand Weapon With |       |       |       |       |       |       |       |       |     1 ||     1
  Evoke: Wand              |       |       |     4 |     2 |       |       |       |     4 |     9 ||    19
         Figurine of a zig |       |       |       |       |       |       |       |       |     1 ||     1
    Use: Scroll            |       |     8 |     4 |     3 |    12 |    14 |     4 |     9 |    50 ||   104
         Potion            |       |       |     2 |     4 |     4 |     7 |     2 |       |    49 ||    68
   Stab: Invisible         |       |       |     5 |       |       |       |       |       |       ||     5
 Armour: Scale mail        |    57 |   135 |   208 |   265 |   936 |       |       |       |       ||  1601
         Skin              |       |       |       |    30 |       |       |       |       |       ||    30
         Plate armour      |       |       |       |       |    41 |   868 |   643 |   591 |   405 ||  2548
         Gold dragon scale |       |       |       |       |       |       |       |       |  2582 ||  2582
  Dodge: Dodged            |    55 |    92 |   156 |   248 |   881 |   410 |   284 |   407 |  2060 ||  4593
  Block: Buckler           |    28 |    46 |    74 |   123 |   499 |   184 |       |       |       ||   954
         Tower shield      |       |       |       |       |       |  1106 |  1404 |  1906 |  9228 || 13644
         Reflection        |       |       |       |       |       |   108 |    79 |    47 |   247 ||   481
